 Dungeon Crawl Stone Soup version 0.22-a0-480-g991dd4b (webtiles) character file.

1445519 Leszczynek the Cardsharp (level 26, 169/169 HPs)
             Began as a Deep Elf Assassin on June 3, 2018.
             Was a High Priest of Nemelex Xobeh.
             Escaped with the Orb
             ... and 3 runes on June 15, 2018!
             The game lasted 10:00:30 (96265 turns).

Leszczynek the Cardsharp (Deep Elf Assassin)       Turns: 96265, Time: 10:00:31

Health: 169/169    AC: 39    Str: 23      XL:     26   Next: 49%
Magic:  49/49      EV: 18    Int: 20 (21) God:    Nemelex Xobeh [*****.]
Gold:   27         SH: 15    Dex: 16      Spells: 1/47 levels left

rFire    + . .     SeeInvis +   b - +3 double sword (holy)
rCold    + . .     Gourm    .   Z - +1 shield {rN+}
rNeg     + + .     Faith    .   X - +9 storm dragon scales {Bai Suzhen}
rPois    .         Spirit   +   w - +2 helmet {SInv}
rElec    +         Reflect  .   u - +2 cloak {MR+}
rCorr    .         Harm     .   i - +2 pair of gloves
MR       ++++.                  y - +2 pair of boots of Altruism {MP+9}
Stlth    +.........             U - amulet of guardian spirit
HPRegen  0.78/turn              Q - ring "Hidokkyt" {*Corrode rF+ Str+7 Stlth+}
MPRegen  0.31/turn              P - ring "Ketorr" {rC+ rN+ MR+ Stlth+}

@: glowing, deflect missiles
A: talons 1, slimy green scales 1, regeneration 1, subdued magic 1, MP-powered
wands, sturdy frame 1
0: Orb of Zot
}: 3/15 runes: decaying, serpentine, silver
a: Triple Draw, Deal Four, Stack Five, Renounce Religion


You escaped.
You worshipped Nemelex Xobeh.
Nemelex Xobeh was extremely pleased with you.
You were full.

You visited 11 branches of the dungeon, and saw 53 of its levels.
You also visited: Trove.

You collected 6861 gold pieces.
You spent 6834 gold pieces at shops.

Inventory:

Hand Weapons
 a - a +9 double sword of draining
 b - a +3 double sword of holy wrath (weapon)
Missiles
 z - 5 throwing nets (quivered)
Armour
 i - a +2 pair of gloves (worn)
 u - a +2 cloak of magic resistance (worn)
 w - a +2 helmet of see invisible (worn)
 y - the +2 pair of boots of Altruism (worn) {MP+9}
   (You bought it in a shop on level 2 of the Snake Pit)

   It affects your magic capacity (+9).
 X - +9 storm dragon scales (worn) {Bai Suzhen}
 Z - a +1 shield of positive energy (worn)
Jewellery
 P - the ring "Ketorr" (right hand) {rC+ rN+ MR+ Stlth+}
   (You found it on level 3 of the Elven Halls)

   [ring of protection from cold]

   It protects you from cold.
   It protects you from negative energy.
   It affects your resistance to hostile enchantments.
   It makes you more stealthy.
 Q - the ring "Hidokkyt" (left hand) {*Corrode rF+ Str+7 Stlth+}
   (You found it on level 3 of the Elven Halls)

   [ring of protection from fire]

   It affects your strength (+7).
   It protects you from fire.
   It may corrode you when you take damage.
   It makes you more stealthy.
 U - an amulet of guardian spirit (around neck)
Wands
 e - a wand of acid (7)
 I - a wand of enslavement (28)
 K - a wand of digging (72)
 V - a wand of paralysis (35)
Scrolls
 l - 7 scrolls of magic mapping
 m - 18 scrolls of remove curse {@r2}
 n - 3 scrolls of blinking
 o - 6 scrolls of fog
 s - 15 scrolls of teleportation
 A - 10 scrolls of fear
Potions
 k - 3 potions of ambrosia
 p - 10 potions of curing {@q1}
 E - 4 potions of cancellation
 F - 3 potions of magic
 H - 3 potions of invisibility
 M - 5 potions of agility
 W - 3 potions of might
Miscellaneous
 c - an ornate deck of destruction {drawn: 2} {god gift}
 f - a legendary deck of destruction {god gift}
 h - a lightning rod (4/4)
 j - a legendary deck of summoning {drawn: 3} {god gift}
 r - a legendary deck of summoning {god gift}
 v - an ornate deck of summoning {drawn: 1} {god gift}
 x - a legendary deck of destruction {drawn: 6} {god gift}
 C - an ornate deck of summoning {god gift}
 D - an ornate deck of summoning {god gift}
 G - a legendary deck of destruction {god gift}
 J - a legendary deck of destruction {god gift}
 L - a legendary deck of destruction {god gift}
 N - a legendary deck of escape {drawn: 3} {god gift}
 O - an ornate deck of summoning {god gift}
 R - a lamp of fire
 S - a legendary deck of destruction {god gift}
 T - a legendary deck of escape {god gift}
 Y - a legendary deck of summoning {drawn: 1} {god gift}
Comestibles
 d - 33 rations


   Skills:
 + Level 18.3 Fighting
   Level 8.1(13.4) Short Blades
 - Level 15.4(16.0) Long Blades
 - Level 4.1 Throwing
 - Level 9.5 Armour
 - Level 14.0 Dodging
 - Level 4.8 Stealth
 - Level 15.0 Shields
 - Level 11.2 Spellcasting
 - Level 15.0 Hexes
 - Level 11.0 Charms
 - Level 8.6 Summonings
 - Level 10.0 Necromancy
 - Level 9.0 Translocations
 - Level 10.0 Transmutations
 - Level 11.1 Air Magic
 + Level 21.7 Invocations
 - Level 8.0 Evocations


You had one spell level left.
You knew the following spells:

 Your Spells              Type           Power        Failure   Level  Hunger
a - Animate Skeleton      Necr           N/A          1%          1    None
b - Slow                  Hex            ######..     1%          2    None
c - Confuse               Hex            ######..     1%          3    None
d - Tukima's Dance        Hex            ######..     1%          3    None
e - Animate Dead          Necr           N/A          2%          4    ##.....
f - Yara's Violent Unrav  Hex/Tmut       #####.....   2%          5    ####...
g - Aura of Abjuration    Summ           #####.....   16%         5    ####...
h - Invisibility          Hex            ######..     6%          6    ######.
i - Deflect Missiles      Chrm/Air       #####.....   32%         6    ######.
q - Regeneration          Chrm/Necr      #####.....   1%          3    None
w - Summon Mana Viper     Hex/Summ       #####...     3%          5    ####...
A - Apportation           Tloc           #####.       1%          1    None
B - Blink                 Tloc           N/A          1%          2    None

Your spell library contained the following spells:

 Spells                   Type           Power        Failure   Level  Hunger
 Cause Fear               Hex            ######....   1%          4    ##.....
 Magic Dart               Conj           #...         19%         1    None
 Fireball                 Conj/Fire      #.........   99%         5    ####...
 Conjure Flame            Conj/Fire      #.......     52%         3    None
 Bolt of Fire             Conj/Fire      #.........   100%        6    ######.
 Bolt of Cold             Conj/Ice       #.........   100%        6    ######.
 Lightning Bolt           Conj/Air       ####......   50%         5    ####...
 Bolt of Magma            Conj/Fire/Erth #.........   99%         5    ####...
 Throw Flame              Conj/Fire      #.....       30%         2    None
 Throw Frost              Conj/Ice       #.....       30%         2    None
 Freezing Cloud           Conj/Ice/Air   ###.......   100%        6    ######.
 Mephitic Cloud           Conj/Pois/Air  ###.....     12%         3    None
 Ring of Flames           Chrm/Fire      ####......   100%        7    #######
 Venom Bolt               Conj/Pois      #.........   99%         5    ####...
 Olgreb's Toxic Radiance  Pois           #.......     90%         4    ##.....
 Teleport Other           Tloc           #####...     1%          3    None
 Summon Small Mammal      Summ           ####         1%          1    None
 Bolt of Draining         Conj/Necr      ###.......   58%         5    ####...
 Pain                     Necr           ####         1%          1    None
 Vampiric Draining        Necr           #####.....   1%          3    None
 Borgnjor's Revivificati  Necr           #####.....   100%        8    #######
 Ozocubu's Refrigeration  Ice            #.........   100%        6    ######.
 Sticky Flame             Conj/Fire      #.......     90%         4    ##.....
 Summon Ice Beast         Ice/Summ       ###.....     32%         4    ##.....
 Call Imp                 Summ           #####...     1%          2    None
 Dispel Undead            Necr           #####...     8%          5    ####...
 Sting                    Conj/Pois      #...         19%         1    None
 Sublimation of Blood     Necr           #####.....   1%          2    None
 Summon Demon             Summ           #####.....   16%         5    ####...
 Corpse Rot               Necr           N/A          1%          2    None
 Iron Shot                Conj/Erth      #.........   100%        6    ######.
 Stone Arrow              Conj/Erth      #.....       52%         3    None
 Shock                    Conj/Air       ####         1%          1    None
 Swiftness                Chrm/Air       #####...     1%          2    None
 Recall                   Summ/Tloc      N/A          1%          3    None
 Agony                    Necr           #####...     8%          5    ####...
 Ice Form                 Ice/Tmut       ###.....     24%         4    ##.....
 Throw Icicle             Conj/Ice       #.......     90%         4    ##.....
 Airstrike                Air            #####.....   1%          4    ##.....
 Shadow Creatures         Summ           N/A          65%         6    ######.
 Confusing Touch          Hex            ######       1%          1    None
 Flame Tongue             Conj/Fire      #....        19%         1    None
 Ignite Poison            Fire/Tmut/Pois ###.....     14%         3    None
 Call Canine Familiar     Summ           #####...     1%          3    None
 Ensorcelled Hibernation  Hex/Ice        ####..       1%          2    None
 Metabolic Englaciation   Hex/Ice        ####......   24%         5    ####...
 Summon Butterflies       Summ           #####...     1%          1    None
 Silence                  Hex/Air        #####.....   2%          5    ####...
 Static Discharge         Conj/Air       ####....     5%          3    None
 Corona                   Hex            ######.      1%          1    None
 Alistair's Intoxication  Tmut/Pois      ###.....     58%         5    ####...
 Simulacrum               Ice/Necr       ###.......   99%         6    ######.
 Conjure Ball Lightning   Conj/Air       ####......   97%         6    ######.
 Excruciating Wounds      Chrm/Necr      #####.....   7%          5    ####...
 Portal Projectile        Hex/Tloc       #####.       1%          3    None
 Petrify                  Tmut/Erth      ###.....     24%         4    ##.....
 Passage of Golubria      Tloc           N/A          4%          4    ##.....
 Tornado                  Air            #####.....   100%        9    #######
 Leda's Liquefaction      Hex/Erth       ####......   9%          4    ##.....
 Summon Hydra             Summ           #####.....   99%         7    #######
 Shroud of Golubria       Chrm/Tloc      #####.....   1%          2    None
 Inner Flame              Hex/Fire       ####....     2%          3    None
 Fulminant Prism          Conj/Hex       ####......   9%          4    ##.....
 Dazzling Spray           Conj/Hex       ####..       2%          3    None
 Discord                  Hex            ######....   96%         8    #######
 Summon Forest            Summ/Tloc      #####.....   14%         5    ####...
 Summon Lightning Spire   Summ/Air       #####...     2%          4    ##.....
 Summon Guardian Golem    Hex/Summ       #####...     1%          3    None
 Dragon's Call            Summ           #####.....   100%        9    #######
 Hydra Form               Tmut           #####.....   45%         6    ######.
 Irradiate                Conj/Tmut      ###.......   58%         5    ####...
 Gell's Gravitas          Tloc           #####.....   1%          3    None
 Lesser Beckoning         Tloc           #####.....   1%          3    None
 Poisonous Vapours        Pois/Air       ####..       2%          2    None
 Ignition                 Fire           #.........   100%        8    #######
 Borgnjor's Vile Clutch   Necr/Erth      ###.......   58%         5    ####...


Dungeon Overview and Level Annotations

Branches:
Dungeon (15/15)            Temple (1/1) D:4            Lair (6/6) D:9
  Swamp (4/4) Lair:2        Snake (4/4) Lair:4        Slime (0/5) Lair:6
    Orc (2/2) D:9             Elf (3/3) Orc:2        Vaults (5/5) D:14
  Crypt (3/3) Vaults:3     Depths (5/5) D:15            Zot (5/5) Depths:5
   Tomb: Crypt:3

Altars:
Ashenzari
Cheibriados
Dithmenos
Elyvilon
Fedhas
Gozag
Hepliaklqana
Kikubaaqudgha
Makhleb
Nemelex Xobeh
Okawaru
Qazlal
Ru
Sif Muna
Trog
Uskayaw
Vehumet
Wu Jian
Xom
Yredelemnul
Zin
The Shining One

Shops:
D:10 ??[?[   Orc:2 [(}(*   Elf:1 ?   Elf:2 }   Elf:3 :   Snake:1 =}}
Snake:2 (?:[   Vaults:2 }   Vaults:3 *   Vaults:4 (   Depths:4 !

Portals:
Hell: Depths:1 Depths:2 Depths:3 Depths:4 Depths:5
Abyss: Depths:4
Pandemonium: Depths:5
Ziggurat: Depths:4

Annotations:
D:14 vaults
Lair:4 exclusions: black mamba and hydra
Lair:5 exclusion: 4 oklob plants
Swamp:1 exclusions: alligator and very ugly thing
Swamp:4 miasma ending
Snake:3 exclusions: Roxanne and black mamba, Aizul, Roxanne
Elf:1 Asterion
Elf:2 3 runed doors
Vaults:3 crypt
Vaults:4 Frederick
Crypt:1 exclusion: curse skull
Crypt:2 curse skull, alich
Depths:1 (storm dr, BLINK)
Depths:2 manual of air magic


Innate Abilities, Weirdness & Mutations

You have sharp toenails.
You are partially covered in slimy green scales. (AC +2)
Your natural rate of healing is unusually fast.
Your spells are a little easier to cast, but a little less powerful.
You expend magic power (3 MP) to strengthen your wands.
Your movements are slightly less encumbered by armour. (ER -2)


Message History

(Z) Zot
Where to? (Enter - D:1 @ (x,y), ? - help)
The black draconian roars!
There is an open door here.
The ice dragon roars deafeningly!
The iron dragon roars deafeningly!
You hear a deafening roar!
You hear a roar!
The ice dragon roars deafeningly! x2
The yellow draconian roars!
The ice dragon roars deafeningly! x2
A cherub comes into view. It is wielding a falchion of flaming.
Enter note: ah fuck off The cherub misses you.
You riposte.
You closely miss the cherub. You block the cherub's attack.
The cherub unwields an uncursed falchion of flaming.
It stops flaming.
The cherub wields a shortbow.
The cherub shoots an arrow.
You deflect the arrow!
There is a staircase leading out of the dungeon here.
You see here an arrow.
The cherub shoots an arrow.
You block the arrow.
You have escaped!

#.# #d#..#^#
#.#####..###
#.##≈#...#D#
#.####...###
#.##D#...#D#
##########.####...###
...........##≈#..A#^#
###############...###
##@## ###


You could see a cherub.

Vanquished Creatures
  2 orbs of fire (Zot:5)
  4 ancient liches
  Vashnia (Snake:4)
  Saint Roka (Vaults:2)
  3 Killer Klowns (Zot:5)
  4 golden dragons
  Nikola (Depths:4)
  2 bone dragons (Crypt:3)
  An electric golem (Zot:5)
  7 tentacled monstrosities
  The ghost of George the Fencer, an adept MiFi of the Shining One (Elf:3)
  3 liches
  24 Orb Guardians
  4 titans (Vaults:5)
  A deep elf master archer (Elf:3)
  A quicksilver dragon (Zot:3)
  3 death cobs (Zot:5)
  6 ancient champions
  5 sphinxes
  5 shadow dragons
  A thorn hunter (Swamp:3)
  8 tengu reavers
  8 fire giants
  Donald (Crypt:2)
  9 storm dragons
  A revenant (Crypt:2)
  6 nagarajas (Snake:4)
  3 draconian knights
  A ghost moth (Zot:5)
  5 frost giants
  2 iron dragons (Vaults:5)
  6 deep elf sorcerers
  2 draconian scorchers (Zot:5)
  Louise (D:15)
  6 ghouls
  An orc warlord (Orc:1)
  2 curse skulls (Crypt:2)
  16 vault wardens
  4 deep elf elementalists (Elf:3)
  A draconian shifter (Zot:5)
  2 spriggan defenders (Depths:2)
  13 ironheart preservers
  9 very ugly things
  2 war gargoyles
  2 entropy weavers (Elf:3)
  2 draconian annihilators
  22 stone giants
  A reaper (Depths:5)
  8 vampire knights
  7 green draconians
  Nessos (Lair:4)
  A purple draconian (Zot:5)
  7 deep elf annihilators
  5 black draconians
  3 deep elf demonologists
  3 yellow draconians (Zot:5)
  A spark wasp (shapeshifter) (Depths:3)
  4 red draconians
  2 white draconians
  A minotaur (Depths:3)
  15 spark wasps
  Snorg (D:13)
  7 jiangshi
  7 eidola
  A green death (D:12)
  The ghost of Ratty the Quickloader, a journeyman CeMo of Okawaru (D:11)
  12 ettins
  A mummy priest (Crypt:2)
  7 deep elf high priests
  6 deep elf death magi
  15 yaktaur captains
  The ghost of namelastname112 the Fighter, a journeyman DrHu of Dithmenos (D:15)
  10 fire dragons
  12 great orbs of eyes
  10 ice dragons
  5 spriggan air magi
  6 hydras
  5 rakshasas
  A merfolk avatar (Lair:6)
  8 centaur warriors
  3 ghost crabs
  12 naga warriors
  20 vault guards
  8 anacondas
  10 deep troll shamans
  4 death knights
  8 alligators
  2 tengu warriors (Depths:4)
  41 two-headed ogres
  13 dancing weapons
  6 vampire magi
  A queen ant (D:13)
  19 ogre magi
  8 spriggan berserkers
  7 deep troll earth magi
  6 shock serpents
  3 orc high priests (Orc:2)
  16 deep elf knights
  11 naga sharpshooters
  5 soul eaters
  6 spriggans
  Sonja (Lair:3)
  8 hell knights
  2 titan skeletons
  2 sixfirhies (Depths:2)
  2 shadow wraiths
  2 iron trolls
  8 salamander mystics
  2 glowing orange brains
  3 spriggan druids
  54 skeletal warriors
  5 flayed ghosts
  2 obsidian statues (Zot:5)
  4 unseen horrors
  A gelid demonspawn (Depths:5)
  4 swamp dragons
  23 deep trolls
  A tengu zombie (Depths:1)
  8 wizards
  9 deep elf archers
  6 naga ritualists
  12 ironbrand convokers
  A spectral hydra (Swamp:4)
  A shambling mangrove (Swamp:3)
  3 lindwurms (Snake:4)
  A sphinx zombie (Crypt:1)
  A swamp dragon (shapeshifter) (Vaults:1)
  10 phantasmal warriors
  An iron giant skeleton (Crypt:3)
  7 harpies
  A wolf spider zombie (D:15)
  3 wolf spiders
  7 orc knights
  A fire giant zombie (Crypt:3)
  11 necromancers
  An anaconda skeleton (Crypt:3)
  A shadow dragon skeleton (Crypt:3)
  A frost giant zombie (Crypt:2)
  55 deep elf magi
  13 salamanders
  8 orc sorcerers
  10 mana vipers
  A wolf spider (shapeshifter) (Vaults:2)
  An oklob plant (D:12)
  A manticore (D:12)
  A human zombie (Vaults:4)
  A stone giant zombie (Crypt:3)
  51 ugly things
  2 moths of wrath (shapeshifter)
  5 elephants (Lair:6)
  9 guardian serpents
  3 moths of wrath
  3 cyclopes
  An iron dragon skeleton (Crypt:3)
  An elephant (shapeshifter) (Vaults:5)
  4 frost giant skeletons
  27 black mambas
  12 vault sentinels
  2 fire giant skeletons
  20 naga magi
  A titan simulacrum (Crypt:3)
  2 gargoyles
  11 spiny frogs
  2 orange demons
  2 swamp worm zombies (Swamp:4)
  2 hellions
  5 rime drakes
  8 komodo dragons
  An efreet (D:15)
  5 spectral swamp worms
  7 freezing wraiths
  2 spriggan zombies (Depths:1)
  2 komodo dragons (shapeshifter)
  37 yaktaurs
  A yaktaur (shapeshifter) (D:14)
  A guardian mummy (Crypt:3)
  A green draconian skeleton (Crypt:2)
  A hellwing (Depths:2)
  A queen bee (shapeshifter) (Elf:1)
  A red devil (Depths:2)
  A red draconian skeleton (Crypt:3)
  4 tengu conjurers
  3 trolls
  2 hydra zombies (Swamp:4)
  A purple draconian skeleton (Crypt:3)
  A wind drake (Lair:6)
  5 tyrant leeches
  2 wind drakes (shapeshifter)
  2 hydra skeletons
  A sphinx simulacrum (Vaults:4)
  8 blink frogs
  A slime creature (shapeshifter) (D:14)
  4 polar bears
  2 spectral swamp dragons
  5 alligator zombies (Swamp:4)
  A harpy skeleton (Crypt:3)
  A raiju (Depths:2)
  Grinder (D:6)
  19 slime creatures
  11 hornets
  11 hippogriffs
  A deep troll skeleton (Depths:1)
  A fire giant simulacrum (Crypt:3)
  A deep troll zombie (Depths:1)
  16 bog bodies
  A frost giant simulacrum (Crypt:2)
  A fire dragon skeleton (Crypt:2)
  A redback (D:15)
  A black mamba zombie (Crypt:1)
  7 shadows
  9 flying skulls (Crypt:3)
  A guardian serpent skeleton (Crypt:1)
  2 centaur simulacra (D:15)
  An ice dragon skeleton (Crypt:3)
  3 air elementals
  A dire elephant simulacrum (Crypt:1)
  A yak (shapeshifter) (Vaults:2)
  A spriggan (shapeshifter) (Vaults:2)
  4 water elementals
  31 yaks
  2 vampires
  5 wyverns
  An ettin skeleton (Crypt:1)
  2 fire elementals
  6 wraiths
  4 basilisks
  15 vampire mosquitoes
  A chaos spawn (D:10)
  12 swamp worms
  2 hungry ghosts
  6 wargs
  Edmund (D:4)
  18 insubstantial wisps
  25 nagas
  16 water moccasins
  A soldier ant (shapeshifter) (Depths:5)
  2 acid dragons
  An acid dragon (shapeshifter) (Vaults:5)
  A water moccasin (shapeshifter) (Depths:3)
  6 porcupines
  An ogre skeleton (Vaults:1)
  A human skeleton (Vaults:1)
  5 swamp drakes
  27 orc warriors
  A spiny frog skeleton (Crypt:3)
  A merfolk skeleton (Crypt:3)
  An eye of draining (D:15)
  2 fire dragon simulacra
  10 ice beasts
  5 sky beasts
  A black bear (Lair:2)
  An eye of draining (shapeshifter) (Elf:3)
  8 phantoms
  4 swamp dragon zombies
  A manticore zombie (Crypt:3)
  5 necrophages
  A tengu (Snake:3)
  14 boggarts
  27 ogres
  A blink frog skeleton (Crypt:3)
  13 centaurs
  3 wolves
  13 crocodiles
  A snapping turtle skeleton (Crypt:3)
  2 big kobolds
  A yaktaur zombie (Depths:1)
  15 bullfrogs
  2 earth elementals (Elf:1)
  A water moccasin zombie (D:7)
  A komodo dragon skeleton (Crypt:2)
  4 scorpions
  11 wights
  A spriggan skeleton (Crypt:3)
  An electric eel (Lair:2)
  3 howler monkeys
  6 crimson imps
  2 human simulacra
  4 centaur zombies
  2 quasits
  4 hounds
  9 jellies
  9 centaur skeletons
  Crazy Yiuf (D:3)
  3 bullfrog zombies
  22 orc priests
  2 iron imps
  Jessica (D:2)
  A bullfrog skeleton (D:11)
  Ijyb (D:4)
  5 worker ants
  26 orc wizards
  A spectral swamp drake (Swamp:4)
  A killer bee zombie (D:7)
  An acid dragon zombie (Crypt:3)
  A hound zombie (D:7)
  5 hound skeletons
  2 mummies (Crypt:3)
  3 gnolls (D:3)
  13 adders
  A river rat (Lair:5)
  2 swamp drake zombies (Swamp:4)
  5 shadow imps
  A white imp (D:5)
  16 oozes
  2 adder zombies
  3 adder skeletons
  2 worms (D:2)
  7 leopard geckos
  90 orcs
  11 bats
  3 giant cockroaches
  8 goblins
  7 hobgoblins
  10 jackals
  2 quokkas
  2 ball pythons
  A ball python skeleton (D:2)
  4 frilled lizards
  11 kobolds
  2 leopard gecko skeletons
  An orc skeleton (Crypt:3)
  2 quokka zombies
  7 rats
  A rat skeleton (Crypt:2)
  A river rat zombie (Crypt:3)
  6 fungi
1952 creatures vanquished.

Vanquished Creatures (collateral kills)
  Mara (Depths:1)
  2 orbs of fire (Zot:5)
  A juggernaut (Depths:3)
  4 ancient liches
  2 Killer Klowns (Zot:5)
  2 electric golems (Zot:5)
  A bone dragon (Swamp:4)
  3 tentacled monstrosities
  2 liches
  2 Orb Guardians (Zot:5)
  3 titans (Vaults:5)
  A deep elf blademaster (Elf:3)
  A death cob (Zot:5)
  A sphinx (Vaults:4)
  A shadow dragon (Vaults:5)
  A storm dragon (Vaults:5)
  2 nagarajas (Snake:4)
  A fire giant (Vaults:4)
  A frost giant (Depths:3)
  3 deep elf sorcerers
  3 vault wardens
  3 draconian shifters (Zot:5)
  A ghoul (Crypt:3)
  2 very ugly things (Depths:4)
  A war gargoyle (Vaults:5)
  3 spriggan defenders
  3 stone giants
  3 ironheart preservers
  3 deep elf demonologists
  A vampire knight (Crypt:2)
  A black draconian (Zot:5)
  An entropy weaver (Lair:4)
  A white draconian (Zot:5)
  5 deep elf annihilators
  An eidolon (Crypt:2)
  A purple draconian (Zot:5)
  2 spark wasps
  A deep elf death mage (Elf:3)
  2 fire dragons (Depths:5)
  3 ettins
  5 yaktaur captains
  3 ogre magi
  Erolcha (D:11)
  3 great orbs of eyes
  A rakshasa (Vaults:2)
  A hell beast (Zot:5)
  A naga warrior (Snake:4)
  11 vault guards
  2 ice dragons
  2 hydras (Lair:6)
  2 anacondas (Snake:4)
  A centaur warrior (Vaults:1)
  A spriggan air mage (Depths:3)
  An alligator (Swamp:4)
  3 two-headed ogres
  2 tengu warriors
  A deep troll shaman (Depths:4)
  2 dancing weapons
  A deep troll earth mage (Depths:1)
  3 naga sharpshooters (Snake:4)
  2 spriggan berserkers
  4 shock serpents
  A titan skeleton (Depths:1)
  A salamander mystic (Depths:1)
  A skeletal warrior (Crypt:3)
  3 hell knights
  A sixfirhy (Depths:1)
  A spriggan druid (Swamp:4)
  2 deep trolls
  A gelid demonspawn (Depths:5)
  An entropy weaver zombie (Crypt:2)
  A lindwurm (Snake:4)
  6 orc knights
  A spectral hydra (Swamp:4)
  A harpy (Vaults:2)
  5 deep elf archers
  A phantasmal warrior (Depths:3)
  6 mana vipers
  A necromancer (Depths:5)
  A wolf spider (Vaults:2)
  4 deep elf magi
  A cyclops (shapeshifter) (Vaults:2)
  10 ugly things
  An orc sorcerer (Vaults:2)
  A salamander (Snake:4)
  A guardian serpent (shapeshifter) (Vaults:5)
  An elephant (Lair:6)
  A vault sentinel (Vaults:2)
  8 black mambas
  Psyche (D:8)
  A spiny frog (Swamp:2)
  A rime drake (Lair:5)
  2 komodo dragons
  2 freezing wraiths
  A swamp worm zombie (Swamp:4)
  An ice devil (Depths:5)
  10 yaktaurs
  A troll (Vaults:5)
  A hydra zombie (Swamp:4)
  A hornet (Lair:6)
  2 polar bears
  Prince Ribbit (D:7)
  A wind drake (shapeshifter) (Vaults:1)
  3 bog bodies
  3 slime creatures
  An alligator zombie (Swamp:4)
  2 blink frogs
  A hippogriff (shapeshifter) (Vaults:5)
  2 hippogriffs (Lair:6)
  A spriggan skeleton (Depths:1)
  5 yaks
  2 wyverns
  A water elemental (Depths:4)
  A human simulacrum (Vaults:4)
  A vampire mosquito (Swamp:1)
  5 nagas
  A warg (D:9)
  2 swamp worms
  An insubstantial wisp (Swamp:4)
  4 water moccasins (Lair:6)
  A deep troll skeleton (Crypt:2)
  6 orc warriors
  A centaur (shapeshifter) (Vaults:2)
  5 ogres
  3 centaurs
  A wolf (Lair:5)
  3 crocodiles
  3 boggarts
  A bullfrog (Lair:6)
  A small abomination (Depths:5)
  A crimson imp (D:11)
  An orc priest (Vaults:5)
  An orc wizard (Vaults:2)
  A hound skeleton (D:9)
  15 orcs
  A crawling corpse (Vaults:5)
  A fungus (Lair:5)
300 creatures vanquished.

Vanquished Creatures (others)
  A draconian monk (Depths:5)
  2 fire giants
  A deep elf demonologist (Elf:1)
  A small abomination (Vaults:5)
  An unseen horror (shapeshifter) (D:15)
  A glowing orange brain (Vaults:5)
  A necromancer (D:15)
  An ugly thing (Depths:4)
  3 deep elf magi
  A moth of wrath (Zot:5)
  A hydra zombie (Swamp:4)
  A yaktaur (Depths:3)
  2 hornets (Swamp:4)
  8 dancing weapons
  2 spriggans (Swamp:4)
  A swamp worm (Swamp:3)
  3 insubstantial wisps (Swamp:4)
  2 swamp drakes
  An orc wizard (Orc:2)
  An orc priest (Orc:2)
  A crawling corpse (Vaults:5)
  17 fungi
  34 plants
87 creatures vanquished.

Grand Total: 2339 creatures vanquished

Notes
Turn   | Place    | Note
-------+----------+-------------------------------------------
     0 | D:1      | Leszczynek the Deep Elf Assassin began the quest for the Orb.
     0 | D:1      | Reached XP level 1. HP: 12/12 MP: 3/3
     1 | D:1      | Noticed an ice dragon
     1 | D:1      | Noticed an ice dragon
     4 | D:1      | Noticed a shadow dragon
     5 | D:1      | Noticed a yellow draconian
     7 | D:1      | Noticed an ice dragon
     8 | D:1      | Noticed an ice dragon
     9 | D:1      | Noticed an iron dragon
    10 | D:1      | Noticed a tentacled monstrosity
    12 | D:1      | Noticed a shadow dragon
    13 | D:1      | Noticed a shadow dragon
    14 | D:1      | Noticed a black draconian
    16 | D:1      | Noticed an orb of fire
    18 | D:1      | Noticed an ice dragon
    18 | D:1      | Noticed a large abomination
    20 | D:1      | Noticed a shadow dragon
   177 | D:1      | Reached XP level 2. HP: 17/17 MP: 4/4
   435 | D:1      | Reached skill level 2 in Fighting
   466 | D:1      | Reached skill level 3 in Short Blades
  1001 | D:2      | Noticed Jessica
  1039 | D:2      | Reached XP level 3. HP: 21/21 MP: 5/5
  1274 | D:2      | Found a stormy altar of Qazlal.
  1276 | D:2      | Noticed a water elemental
  1277 | D:2      | Noticed an air elemental
  1277 | D:2      | Noticed an earth elemental
  1277 | D:2      | Noticed a fire elemental
  1367 | D:1      | dagger of venom acquired
  1498 | D:2      | Killed Jessica
  1498 | D:2      | Reached skill level 4 in Short Blades
  1498 | D:2      | Reached XP level 4. HP: 23/26 MP: 6/6
  2052 | D:3      | Found a runed door.
  2056 | D:3      | Noticed Crazy Yiuf
  2077 | D:3      | Ouch! That really hurt!
  2077 | D:3      | HP: 5/26 [Crazy Yiuf/quarterstaff of chaos (20)]
  2083 | D:3      | Killed Crazy Yiuf
  2083 | D:3      | Reached skill level 5 in Short Blades
  2083 | D:3      | Reached XP level 5. HP: 6/30 MP: 7/7
  3047 | D:4      | Noticed a phantom
  3137 | D:4      | Noticed Edmund
  3142 | D:4      | Reached skill level 6 in Short Blades
  3142 | D:4      | Reached XP level 6. HP: 27/35 MP: 8/8
  3540 | D:4      | Noticed Ijyb
  3577 | D:4      | Reached skill level 7 in Short Blades
  3609 | D:4      | Killed Ijyb
  3631 | D:4      | Killed Edmund
  3631 | D:4      | Reached XP level 7. HP: 40/40 MP: 9/9
  3867 | D:4      | Reached skill level 8 in Short Blades
  4140 | D:4      | Found a staircase to the Ecumenical Temple.
  4150 | Temple   | Entered the Ecumenical Temple
  4369 | Temple   | Became a worshipper of Nemelex Xobeh the Trickster
  4531 | D:5      | Entered Level 5 of the Dungeon
  4545 | D:5      | Received a gift from Nemelex Xobeh
  4621 | D:5      | Found a hide-covered altar of Uskayaw.
  4641 | D:5      | Noticed a dagger
  4641 | D:5      | Noticed a hand axe
  4659 | D:5      | Reached skill level 3 in Throwing
  4725 | D:4      | Reached skill level 1 in Long Blades
  5166 | D:5      | Reached skill level 2 in Long Blades
  5166 | D:5      | Reached XP level 8. HP: 35/45 MP: 10/10
  5246 | D:5      | Learned a level 2 spell: Blink
  5462 | D:6      | Reached skill level 3 in Fighting
  5613 | D:6      | Reached skill level 1 in Invocations
  5755 | D:6      | Noticed Grinder
  5797 | D:6      | Killed Grinder
  5797 | D:6      | Reached skill level 3 in Long Blades
  5809 | D:6      | Reached skill level 4 in Throwing
  5895 | D:6      | Reached skill level 2 in Invocations
  6408 | D:6      | Reached * piety under Nemelex Xobeh
  6833 | D:7      | Reached skill level 4 in Long Blades
  6954 | D:7      | Reached skill level 2 in Dodging
  7028 | D:7      | Reached skill level 3 in Invocations
  7087 | D:7      | Noticed Prince Ribbit
  7103 | D:7      | Reached XP level 9. HP: 36/52 MP: 13/13
  7105 | D:7      | Killed Prince Ribbit
  7105 | D:7      | Reached skill level 4 in Fighting
  7236 | D:7      | Reached skill level 3 in Dodging
  7292 | D:7      | Reached skill level 5 in Long Blades
  7356 | D:7      | Received a gift from Nemelex Xobeh
  7372 | D:7      | Found a blossoming altar of Fedhas.
  7508 | D:7      | Found a glowing silver altar of Zin.
  7520 | D:7      | Found a blossoming altar of Fedhas.
  7888 | D:7      | Reached skill level 4 in Invocations
  8097 | D:8      | Received a gift from Nemelex Xobeh
  8110 | D:8      | Reached skill level 5 in Invocations
  8262 | D:8      | Reached skill level 6 in Long Blades
  8384 | D:8      | Reached skill level 6 in Invocations
  8615 | D:8      | Found a deep blue altar of Sif Muna.
  8649 | D:8      | Reached ** piety under Nemelex Xobeh
  8753 | D:8      | Noticed Psyche
  8762 | D:8      | what
  8772 | D:8      | 0.7% chance of this happening by the way
  8772 | D:8      | not including the chance of her disintegration working on me through MR+
  8809 | D:8      | Killed Psyche
  8905 | D:8      | Received a gift from Nemelex Xobeh
  9429 | D:9      | 6 invo, hostile-only summon card
  9548 | D:9      | Reached skill level 7 in Long Blades
  9684 | D:9      | Reached skill level 7 in Invocations
  9684 | D:9      | Reached XP level 10. HP: 56/56 MP: 17/17
  9797 | D:9      | Got a pitted scimitar {drain}
  9798 | D:9      | Identified the cursed +0 scimitar of Risk Management {drain, *Drain +Fly rF+} (You took it off an orc on level 9 of the Dungeon)
  9799 | D:9      | curse, drain, *Drain
  9848 | D:9      | Found a staircase to the Lair.
 10050 | D:9      | Reached *** piety under Nemelex Xobeh
 10338 | D:9      | Found a staircase to the Orcish Mines.
 10413 | D:9      | Reached skill level 8 in Invocations
 10708 | D:10     | Entered Level 10 of the Dungeon
 10727 | D:10     | Found Nutiarak's Magic Scroll Shoppe.
 10734 | D:10     | Bought a scroll of identify for 28 gold pieces
 10734 | D:10     | Bought a scroll of identify for 28 gold pieces
 10734 | D:10     | Bought a scroll of identify for 28 gold pieces
 10734 | D:10     | Bought a scroll of identify for 28 gold pieces
 10734 | D:10     | Bought a scroll of identify for 28 gold pieces
 10739 | D:10     | Bought a scroll of enchant armour for 105 gold pieces
 10739 | D:10     | Bought a scroll of enchant armour for 105 gold pieces
 10739 | D:10     | Bought a scroll of teleportation for 42 gold pieces
 10739 | D:10     | Bought a scroll of teleportation for 42 gold pieces
 10739 | D:10     | Bought a scroll of teleportation for 42 gold pieces
 10739 | D:10     | Bought a scroll of fear for 49 gold pieces
 10771 | D:10     | Found Loteot's Antique Armour Emporium.
 11071 | D:10     | Found Rant's Magic Scroll Shoppe.
 11075 | D:10     | Bought a scroll of identify for 30 gold pieces
 11075 | D:10     | Bought a scroll of identify for 30 gold pieces
 11075 | D:10     | Bought a scroll of identify for 30 gold pieces
 11253 | D:10     | Found Toguck Tuku's Magic Scroll Boutique.
 11257 | D:10     | Bought a scroll of identify for 20 gold pieces
 11257 | D:10     | Bought a scroll of fog for 20 gold pieces
 11277 | D:10     | Noticed a two-headed ogre
 11327 | D:10     | Found Xerikly's Antique Armour Emporium.
 11351 | D:10     | Noticed a tengu warrior
 11352 | D:10     | and this is why autoexplore is bad btw
 11352 | D:10     | even if it saves your time
 11353 | D:10     | nice stealth check
 11358 | D:10     | ...?
 11439 | D:11     | Reached skill level 1 in Shields
 11532 | D:11     | Noticed Erolcha
 11540 | D:11     | Killed Erolcha
 11614 | D:11     | Received a gift from Nemelex Xobeh
 11656 | D:11     | Reached skill level 4 in Dodging
 11656 | D:11     | Reached skill level 2 in Shields
 11751 | D:11     | Noticed a brown ugly thing
 11784 | D:11     | Noticed Ratty's ghost (journeyman CeMo)
 12003 | D:11     | Noticed a two-headed ogre
 12030 | D:11     | Killed a two-headed ogre
 12065 | D:11     | Reached skill level 3 in Shields
 12186 | D:11     | Found the ring of Shadows {Umbra +Inv Stlth+}
 12233 | D:11     | huhhhhhh
 12337 | D:11     | Noticed a cyan ugly thing
 12337 | D:11     | Noticed a purple ugly thing
 12361 | D:11     | Killed a purple ugly thing
 12588 | Lair:1   | Entered Level 1 of the Lair of Beasts
 12660 | Lair:1   | Reached skill level 1 in Evocations
 12879 | Lair:1   | Reached skill level 5 in Dodging
 12946 | Lair:1   | Reached skill level 5 in Fighting
 12962 | Lair:1   | Noticed a seven-headed hydra
 12986 | Lair:1   | Reached **** piety under Nemelex Xobeh
 13104 | Lair:1   | Noticed a spiny frog
 13273 | D:10     | Killed a tengu warrior
 13273 | D:10     | Reached skill level 4 in Shields
 13273 | D:10     | Reached skill level 2 in Evocations
 13502 | D:10     | Bought a pair of glowing boots for 195 gold pieces
 13586 | Lair:1   | +++++++ stealth btw
 13628 | Lair:1   | Received a gift from Nemelex Xobeh
 13646 | Lair:1   | Noticed a black mamba
 13730 | Lair:1   | Reached XP level 11. HP: 56/63 MP: 19/19
 13841 | Lair:2   | Reached skill level 8 in Long Blades
 13910 | Lair:2   | Reached skill level 3 in Evocations
 14222 | Lair:2   | Received a gift from Nemelex Xobeh
 14281 | Lair:2   | Learned a level 1 spell: Animate Skeleton
 14283 | Lair:2   | Learned a level 1 spell: Apportation
 14345 | Lair:2   | Reached skill level 1 in Necromancy
 14379 | Lair:2   | Reached skill level 4 in Evocations
 14380 | Lair:2   | Found a staircase to the Swamp.
 14390 | Lair:2   | Reached skill level 2 in Necromancy
 14705 | Lair:2   | Reached skill level 5 in Evocations
 15072 | Lair:2   | Reached ***** piety under Nemelex Xobeh
 15423 | Lair:3   | Received a gift from Nemelex Xobeh
 15425 | Lair:3   | >you can't carry that many items
 15425 | Lair:3   | OH BOY HERE WE GO
 15480 | Lair:3   | Reached skill level 9 in Long Blades
 15666 | Lair:3   | Reached skill level 6 in Evocations
 15887 | Lair:3   | Received a gift from Nemelex Xobeh
 16055 | Lair:3   | Noticed Sonja
 16057 | Lair:3   | Killed Sonja
 16533 | Lair:4   | Found a staircase to the Snake Pit.
 16611 | Lair:4   | Reached skill level 7 in Evocations
 16724 | Lair:4   | Noticed a four-headed hydra
 16814 | Lair:4   | Noticed an entropy weaver
 16814 | Lair:4   | a four-headed hydra changed into an entropy weaver
 16825 | Lair:4   | Killed an entropy weaver
 16847 | Lair:4   | Noticed Nessos
 17166 | Lair:4   | Noticed an eight-headed hydra
 17491 | Lair:5   | Noticed an oklob plant
 17491 | Lair:5   | Noticed an oklob plant
 17491 | Lair:5   | Noticed an oklob plant
 17491 | Lair:5   | Noticed an oklob plant
 17556 | Lair:5   | Received a gift from Nemelex Xobeh
 17564 | Lair:5   | Reached skill level 10 in Long Blades
 17564 | Lair:5   | Reached XP level 12. HP: 68/68 MP: 20/20
 17837 | Lair:5   | Received a gift from Nemelex Xobeh
 17872 | Lair:5   | Reached skill level 6 in Dodging
 17905 | Lair:5   | i didn't know phial of floods is this loud tbh
 18540 | D:10     | Bought a slimy ring mail for 243 gold pieces
 18540 | D:10     | Identified the +2 ring mail "Xiulotok" {Dex+7 Slay+6} (You bought it in a shop on level 10 of the Dungeon)
 18541 | D:10     | lul
 18554 | D:10     | decent caster armor
 18554 | D:10     | *hybrid
 18652 | Lair:5   | Upgraded the game from 0.22-a0-447-gee5f723 to 0.22-a0-448-g1fb7470
 18736 | Lair:5   | Reached skill level 6 in Fighting
 18762 | Lair:5   | Reached skill level 8 in Evocations
 19028 | Lair:6   | Entered Level 6 of the Lair of Beasts
 19028 | Lair:6   | Received a gift from Nemelex Xobeh
 19092 | Lair:6   | Found a staircase to the Slime Pits.
 19139 | Lair:6   | Reached skill level 7 in Dodging
 19313 | Lair:6   | Reached skill level 11 in Long Blades
 19809 | Lair:6   | Reached skill level 8 in Dodging
 20037 | Lair:6   | Reached skill level 7 in Fighting
 20085 | Lair:6   | Noticed a merfolk avatar
 20184 | Lair:6   | Received a gift from Nemelex Xobeh
 20203 | Lair:6   | Reached XP level 13. HP: 76/76 MP: 21/21
 20322 | Lair:6   | Reached skill level 12 in Long Blades
 20773 | Lair:6   | Received a gift from Nemelex Xobeh
 20850 | Lair:6   | double sword, baby
 20863 | Lair:6   | Identified the Handbook of Sinister Intoxication
 20875 | Lair:6   | Reached skill level 9 in Dodging
 21150 | Lair:4   | Killed Nessos
 21757 | Orc:1    | Entered Level 1 of the Orcish Mines
 21781 | Orc:1    | Reached ****** piety under Nemelex Xobeh
 21995 | Orc:1    | Noticed an orc warlord
 22303 | Orc:1    | Killed an orc warlord
 22513 | Orc:1    | Received a gift from Nemelex Xobeh
 22712 | Orc:2    | Entered Level 2 of the Orcish Mines
 22860 | Orc:2    | Found Gaploota's Assorted Antiques.
 22898 | Orc:2    | Found a staircase to the Elven Halls.
 22914 | Orc:2    | Received a gift from Nemelex Xobeh
 22944 | Orc:2    | Reached skill level 8 in Fighting
 23606 | Orc:2    | Reached skill level 10 in Dodging
 23613 | Orc:2    | Reached skill level 13 in Long Blades
 24025 | Orc:2    | Found Axirgh's Antique Weapon Shop.
 24025 | Orc:2    | Found Zukifreo's Armour Emporium.
 24052 | Orc:2    | Found Sika's Gadget Shop.
 24052 | Orc:2    | Found Naidwuew's Weapon Emporium.
 24822 | D:11     | Killed Ratty's ghost
 24894 | D:12     | Learned a level 3 spell: Regeneration
 24915 | D:12     | Received a gift from Nemelex Xobeh
 24972 | D:12     | Reached skill level 9 in Invocations
 24972 | D:12     | Reached XP level 14. HP: 66/84 MP: 22/22
 26302 | D:13     | Noticed Snorg
 26323 | D:13     | Killed Snorg
 26438 | D:13     | Upgraded the game from 0.22-a0-448-g1fb7470 to 0.22-a0-456-g11ed031
 26438 | D:13     | Upgraded the game from 0.22-a0-456-g11ed031 to 0.22-a0-469-gf26638a
 26609 | D:10     | Bought a scroll of enchant weapon for 75 gold pieces
 26650 | D:10     | Bought a scroll of enchant weapon for 112 gold pieces
 26650 | D:10     | Bought a scroll of enchant weapon for 112 gold pieces
 26782 | Orc:2    | Bought a scroll of enchant armour for 202 gold pieces
 26840 | Orc:2    | Bought a lightning rod (4/4) for 480 gold pieces
 26840 | Orc:2    | Bought a wand of paralysis (9) for 132 gold pieces
 26840 | Orc:2    | wtf was i saving for anyway
 26840 | Orc:2    | just buy it
 27208 | D:13     | Received a gift from Nemelex Xobeh
 28145 | D:14     | Received a gift from Nemelex Xobeh
 28374 | D:15     | Entered Level 15 of the Dungeon
 28380 | D:15     | Noticed Louise
 28870 | D:14     | Reached skill level 5 in Shields
 28879 | D:14     | Reached skill level 11 in Dodging
 29438 | D:14     | Reached skill level 9 in Fighting
 29581 | D:15     | Reached skill level 14 in Long Blades
 29674 | D:15     | Noticed namelastname112's ghost (journeyman DrHu)
 29692 | D:15     | Killed namelastname112's ghost
 29692 | D:15     | Reached skill level 10 in Invocations
 29842 | D:15     | Received a gift from Nemelex Xobeh
 30386 | D:15     | Found a runed door.
 30389 | D:15     | hmmmmmmmmmm
 30554 | D:15     | >wand of acid
 30605 | D:15     | guardian spirit huh
 30605 | D:15     | yes please
 30936 | D:10     | Reached XP level 15. HP: 83/90 MP: 24/24
 31092 | D:10     | Bought a shiny helmet for 202 gold pieces
 31106 | D:10     | my incredible melee elf with no fucking resistances
 31106 | D:10     | four rings in the game
 31106 | D:10     | three MP+9 and ring of shadows
 31106 | D:10     | lol
 31106 | D:10     | and this time it's a full exploration game, so you can't even say it's because i didn't see something
 31106 | D:10     | at least i got a good weapon and a nice (if basic) amulet
 31106 | D:10     | 19/20/7 ayyy let's go
 31286 | D:15     | Learned a level 2 spell: Slow
 31286 | D:15     | "DO NOT SPREAD TOO THIN" said the expert player while learning Slow at XL 15
 31286 | D:15     | also aren't i glad i opened this vault
 31286 | D:15     | because it had an efreet with the only flaming brand in the whole fucking game
 31286 | D:15     | not talking about long blades alone btw, i'm talking about all weapon types
 31286 | D:15     | not counting that shortbow in a shop, i guess
 31521 | Swamp:1  | Entered Level 1 of the Swamp
 31599 | Swamp:1  | Received a gift from Nemelex Xobeh
 31635 | Swamp:1  | Reached skill level 6 in Shields
 31752 | Swamp:1  | Reached skill level 1 in Hexes
 31929 | Swamp:1  | Reached skill level 2 in Hexes
 32033 | Swamp:1  | Reached skill level 3 in Hexes
 32054 | Swamp:1  | HP: 18/90 [poison (poison gas)]
 32059 | Swamp:1  | HP: 14/90 [poison (poison gas)]
 32064 | Swamp:1  | HP: 12/90 [poison (poison gas)]
 32071 | Swamp:1  | HP: 11/90 [poison (poison gas)]
 32078 | Swamp:1  | HP: 11/90 [poison (poison gas)]
 32086 | Swamp:1  | HP: 11/90 [poison (poison gas)]
 32506 | Swamp:1  | Received a gift from Nemelex Xobeh
 32671 | Swamp:2  | Reached skill level 1 in Translocations
 32843 | Swamp:2  | Reached skill level 2 in Translocations
 33255 | Swamp:2  | Reached skill level 3 in Translocations
 33401 | Swamp:2  | S E V E N T Y S I X
 33658 | Swamp:2  | Received a gift from Nemelex Xobeh
 33722 | Swamp:2  | Reached skill level 4 in Translocations
 34079 | Swamp:3  | Noticed a thorn hunter
 34086 | Swamp:3  | Reached skill level 4 in Hexes
 34100 | Swamp:3  | Killed a thorn hunter
 34282 | Swamp:3  | Received a gift from Nemelex Xobeh
 34646 | Swamp:3  | 4 failures in a row now, total chance of this happening is let's see...
 34646 | Swamp:3  | 1%
 34646 | Swamp:3  | gotta love hexes
 34689 | Swamp:3  | Reached skill level 5 in Hexes
 34980 | Swamp:3  | Reached skill level 11 in Invocations
 35060 | Swamp:4  | Entered Level 4 of the Swamp
 35060 | Swamp:4  | Received a gift from Nemelex Xobeh
 35407 | Swamp:4  | Reached skill level 12 in Dodging
 35522 | Swamp:4  | Reached skill level 6 in Hexes
 35739 | Swamp:4  | 0.5%
 35765 | Swamp:4  | Reached skill level 7 in Hexes
 35772 | Swamp:4  | Reached skill level 15 in Long Blades
 35780 | Swamp:4  | Noticed a bone dragon
 36081 | Swamp:4  | Killed a bone dragon
 36081 | Swamp:4  | Reached skill level 8 in Hexes
 36905 | Swamp:4  | Received a gift from Nemelex Xobeh
 36958 | Swamp:4  | Reached XP level 16. HP: 96/96 MP: 26/26
 37001 | Swamp:4  | Reached skill level 9 in Hexes
 37137 | Swamp:4  | fuck it, i'll come back later
 37254 | Swamp:4  | orrrrrr
 37516 | Swamp:4  | Got a decaying rune of Zot
 37753 | Snake:1  | Entered Level 1 of the Snake Pit
 37799 | Lair:4   | Reached skill level 1 in Spellcasting
 38095 | Snake:1  | Found an ancient bone altar of Kikubaaqudgha.
 38122 | Snake:1  | Learned a level 3 spell: Confuse
 38126 | Snake:1  | Learned a level 3 spell: Tukima's Dance
 38128 | Snake:1  | Received a gift from Nemelex Xobeh
 38135 | Snake:1  | Found Usir's Jewellery Shop.
 38135 | Snake:1  | Found Rajiweaf's Gadget Emporium.
 38136 | Snake:1  | Found Imahef's Gadget Emporium.
 38139 | Snake:1  | the best snake vault is here
 38151 | Snake:1  | Bought the ring of Harmony {EV+2 Dex+4} for 406 gold pieces
 38165 | Snake:1  | 4 EV and 4 dex worth of accuracy over 9 MP with guardian spirit
 38165 | Snake:1  | hopefully i won't regret it
 38257 | Snake:1  | Reached skill level 2 in Spellcasting
 38672 | Snake:1  | Identified the +7 long sword of Dithmenos {freeze, rC+ MR+ Str+6 Dex-2} (You found it on level 1 of the Snake Pit)
 38694 | Snake:1  | Identified the cursed +1 rapier of Death {pain, rF+ MR+ Dex+4} (You found it on level 1 of the Snake Pit)
 38698 | Snake:1  | ok, let's drop potions of counter-Jorgrun
 39140 | Snake:1  | Reached skill level 10 in Hexes
 39160 | Snake:1  | Reached skill level 3 in Spellcasting
 39443 | Snake:2  | Received a gift from Nemelex Xobeh
 39670 | Snake:2  | Reached skill level 12 in Invocations
 40154 | Snake:2  | Found Saqyela's Book Emporium.
 40158 | Snake:2  | Found Regig's Magic Scroll Shoppe.
 40159 | Snake:2  | Found Abyuneabue's Weapon Emporium.
 40168 | Snake:2  | Bought a scroll of teleportation for 54 gold pieces
 40168 | Snake:2  | Bought a scroll of fog for 36 gold pieces
 40168 | Snake:2  | Bought a scroll of teleportation for 54 gold pieces
 40294 | Snake:2  | Reached skill level 1 in Charms
 40449 | Snake:2  | Received a gift from Nemelex Xobeh
 40755 | Snake:2  | Found Buyl's Armour Shop.
 40763 | Snake:2  | l - 1242 gold the +8 large shield of the Orcish Mines {rC++}
 40763 | Snake:2  | more like the large shield of No Way I Will Train Enough For It
 40763 | Snake:2  | still, looks nice
 41248 | Snake:3  | Reached skill level 4 in Spellcasting
 41301 | Snake:3  | Noticed Aizul
 41304 | Snake:3  | oh yeah, "done exploring"
 41304 | Snake:3  | cool
 41304 | Snake:3  | story
 41394 | Snake:3  | Reached skill level 2 in Charms
 41597 | Snake:3  | those fifty percents sure like to work once in 8 times or so
 41598 | Snake:3  | legendary deck of destruction: degeneration, degeneration, pain
 41598 | Snake:3  | that's why these decks suck the most
 41745 | Snake:3  | Noticed Roxanne
 41903 | Snake:3  | Reached skill level 3 in Charms
 42332 | Snake:3  | ok, so the last time 51% worked on 4th attempt
 42332 | Snake:3  | this time on fifth
 42520 | Snake:3  | Received a gift from Nemelex Xobeh
 42627 | Snake:3  | Reached skill level 4 in Charms
 42733 | Snake:4  | Entered Level 4 of the Snake Pit
 42749 | Snake:4  | well, that's my only res pot
 42749 | Snake:4  | hurray for shock serpents
 42858 | Snake:4  | Noticed Vashnia
 42888 | Snake:4  | awww shit son
 42888 | Snake:4  | for some reason i thought it's a naga warrior, not vashnia
 43034 | Snake:4  | Reached skill level 10 in Fighting
 43243 | Snake:3  | Reached skill level 11 in Hexes
 43385 | Snake:4  | Reached skill level 5 in Charms
 43385 | Snake:4  | Reached skill level 3 in Necromancy
 43561 | Snake:4  | poison arrow :/
 43561 | Snake:4  | ehhh
 43779 | Snake:3  | mmm
 43779 | Snake:3  | i think i should give it up for now
 44306 | Lair:4   | oh boy
 44306 | Lair:4   | so if i go to vaults, i'll have to wield that stupid long sword in case a sentinel shows up?
 44306 | Lair:4   | great
 44634 | D:14     | Found a gate to the Vaults.
 44641 | Vaults:1 | Entered Level 1 of the Vaults
 44926 | Vaults:1 | Reached skill level 4 in Necromancy
 45020 | Vaults:1 | his 7% worked immediately while my 51% failed twice
 45020 | Vaults:1 | then what's even the point of trying to increase your MR
 45035 | Vaults:1 | Received a gift from Nemelex Xobeh
 45110 | Vaults:1 | uh oh watch out, it's FIFTY ONE
 45648 | Vaults:1 | Reached XP level 17. HP: 103/103 MP: 24/28
 45667 | Vaults:1 | Reached skill level 5 in Necromancy
 45829 | Vaults:1 | Reached skill level 11 in Fighting
 45940 | Vaults:1 | Reached skill level 6 in Necromancy
 46074 | Vaults:1 | Learned a level 4 spell: Animate Dead
 46099 | Vaults:1 | Reached skill level 1 in Armour
 46167 | Vaults:1 | Reached skill level 13 in Dodging
 46380 | Vaults:1 | Reached skill level 7 in Necromancy
 46559 | Vaults:1 | Reached skill level 2 in Armour
 46687 | Vaults:1 | Received a gift from Nemelex Xobeh
 47012 | Vaults:1 | Reached skill level 8 in Necromancy
 47180 | Vaults:1 | Learned a level 5 spell: Yara's Violent Unravelling
 47299 | Vaults:1 | Reached skill level 1 in Transmutations
 47496 | Vaults:2 | yikes
 47580 | Vaults:2 | jesus
 47599 | Vaults:2 | Reached skill level 2 in Transmutations
 47619 | Vaults:1 | Reached skill level 5 in Spellcasting
 47878 | Vaults:1 | HP: 3/104 [vault warden/vampiric bardiche (23)]
 48077 | Vaults:2 | Reached skill level 7 in Shields
 48176 | Vaults:2 | Reached skill level 3 in Transmutations
 48502 | Vaults:2 | FIFTY THREE
 48734 | Vaults:2 | Received a gift from Nemelex Xobeh
 48809 | Vaults:2 | Reached skill level 6 in Spellcasting
 49010 | Vaults:2 | Reached skill level 4 in Transmutations
 49090 | Vaults:2 | Reached XP level 18. HP: 92/110 MP: 21/29
 49506 | Vaults:2 | Reached skill level 5 in Transmutations
 49516 | Vaults:2 | Reached skill level 8 in Shields
 49516 | Vaults:2 | Reached skill level 13 in Invocations
 49701 | Vaults:2 | Found Gootakk's Gadget Emporium.
 50046 | Vaults:2 | Noticed Saint Roka
 50076 | Vaults:2 | Killed Saint Roka
 50163 | Vaults:2 | Reached skill level 6 in Transmutations
 50426 | Vaults:2 | Found a deep blue altar of Sif Muna.
 50650 | Vaults:2 | Received a gift from Nemelex Xobeh
 50819 | Vaults:3 | Reached skill level 7 in Transmutations
 51039 | Vaults:3 | Reached skill level 9 in Shields
 51342 | Vaults:3 | Found Xuaryk's Assorted Antiques.
 51714 | Vaults:3 | Reached skill level 14 in Invocations
 51766 | Vaults:3 | Reached skill level 8 in Transmutations
 51940 | Vaults:2 | summoners summoning summoners summoning summoners
 52545 | Vaults:3 | Received a gift from Nemelex Xobeh
 53306 | Vaults:4 | Noticed Frederick
 53598 | Vaults:4 | Reached skill level 12 in Hexes
 53818 | Vaults:4 | Reached skill level 7 in Spellcasting
 53828 | Vaults:4 | Reached XP level 19. HP: 84/114 MP: 11/32
 54283 | Vaults:4 | Found Atiakk's Weapon Shoppe.
 54617 | Vaults:4 | Received a gift from Nemelex Xobeh
 55276 | Vaults:4 | Reached skill level 8 in Spellcasting
 55357 | Vaults:4 | Reached skill level 10 in Shields
 55357 | Vaults:4 | Reached skill level 15 in Invocations
 56486 | Elf:1    | Entered Level 1 of the Elven Halls
 57083 | Elf:1    | Received a gift from Nemelex Xobeh
 57095 | Elf:1    | Found Kuichogh's Magic Scroll Shoppe.
 57388 | Orc:2    | Bought a +0 shield of positive energy for 110 gold pieces
 57574 | Elf:1    | HP: 9/115 [deep elf annihilator/bolt of lightning (35)]
 58567 | Elf:1    | Received a gift from Nemelex Xobeh
 58581 | Elf:1    | Reached skill level 11 in Shields
 58676 | Elf:1    | Noticed Asterion
 59331 | Elf:2    | Reached skill level 14 in Dodging
 59335 | Elf:2    | Found a runed gate.
 59335 | Elf:2    | Found a runed gate.
 59335 | Elf:2    | Found a runed gate.
 59392 | Elf:2    | Found Bioc's Gadget Shop.
 59737 | Elf:3    | Entered Level 3 of the Elven Halls
 59737 | Elf:3    | Received a gift from Nemelex Xobeh
 59915 | Elf:3    | Found Puikheol's Book Shop.
 59973 | Elf:3    | Noticed George's ghost (adept MiFi)
 59997 | Elf:3    | Killed George's ghost
 60314 | Elf:3    | Upgraded the game from 0.22-a0-469-gf26638a to 0.22-a0-479-gc6e99f3
 60479 | Elf:3    | Reached XP level 20. HP: 114/121 MP: 20/34
 60567 | Elf:3    | Reached skill level 12 in Shields
 60710 | Elf:3    | Reached skill level 12 in Fighting
 61494 | Elf:3    | Identified the +0 shield of Vlad {Dex+7} (You took it off a deep elf elementalist on level 3 of the Elven Halls)
 61495 | Elf:3    | hoo boy
 61979 | Elf:3    | see, this is what nemelex is for
 61979 | Elf:3    | escape is not great, destruction can suck
 61979 | Elf:3    | but then you get to legendeary summoning decks, summon a pan lord
 61979 | Elf:3    | and it's gg
 62386 | Elf:3    | Learned a level 4 spell: Passage of Golubria
 62387 | Elf:3    | Identified the ring "Hidokkyt" {*Corrode rF+ Str+7 Stlth+} (You found it on level 3 of the Elven Halls)
 62388 | Elf:3    | huhhh
 62391 | Elf:3    | Identified the Catalogue of Excruciating Flight
 62394 | Elf:3    | Identified the ring "Ketorr" {rC+ rN+ MR+ Stlth+} (You found it on level 3 of the Elven Halls)
 62395 | Elf:3    | ohh
 62418 | Elf:3    | Identified Pinua's Reference Book on Cold and Evil
 62423 | Elf:3    | Identified the Tome of the Bewitching Compass
 62920 | D:15     | Killed Louise
 63897 | D:15     | Reached skill level 5 in Translocations
 63902 | D:15     | Found a staircase to the Depths.
 63964 | Depths:1 | Entered Level 1 of the Depths
 64041 | Depths:1 | Received a gift from Nemelex Xobeh
 64233 | Depths:1 | Received a gift from Nemelex Xobeh
 64269 | Depths:1 | Reached skill level 6 in Translocations
 64433 | Depths:1 | Received a gift from Nemelex Xobeh
 64504 | Depths:1 | Found a gateway to Hell.
 64607 | Depths:1 | Found a sparkling altar of Nemelex Xobeh.
 64607 | Depths:1 | Noticed Bai Suzhen
 64647 | Depths:1 | Reached skill level 13 in Shields
 64722 | Depths:1 | Found a runed door.
 65049 | Depths:1 | Reached skill level 7 in Translocations
 65381 | Depths:1 | Reached skill level 13 in Fighting
 65494 | Depths:1 | Reached skill level 8 in Translocations
 65674 | Depths:1 | Found a burning altar of Makhleb.
 65752 | Depths:2 | oh great, open layout
 65869 | Depths:1 | Noticed Bai Suzhen
 65869 | Depths:1 | Bai Suzhen changed into Bai Suzhen the titan
 65870 | Depths:1 | Noticed Bai Suzhen
 65870 | Depths:1 | Bai Suzhen the titan changed into Bai Suzhen the sphinx
 65877 | Depths:1 | Killed Bai Suzhen the sphinx
 65934 | Depths:1 | Learned a level 6 spell: Invisibility
 66271 | Depths:2 | Noticed Mara
 66399 | Depths:1 | Reached skill level 9 in Spellcasting
 66428 | Depths:2 | Noticed Nikola
 66538 | Depths:1 | Killed Mara
 66566 | Depths:1 | Reached skill level 13 in Hexes
 66566 | Depths:1 | Reached XP level 21. HP: 129/129 MP: 36/36
 68079 | Depths:1 | right
 68079 | Depths:1 | that lack of slay+6 hurts
 68143 | Depths:2 | Received a gift from Nemelex Xobeh
 68198 | Depths:1 | Reached skill level 3 in Armour
 68222 | Depths:1 | 51 works at 6th attempt
 68222 | Depths:1 | normal stuff
 68335 | Depths:1 | oh, and 14% is more like 40-50
 68336 | Depths:1 | failed 6 out of 9 times
 68512 | Depths:1 | ok, 7 out of 13 now, getting better
 68512 | Depths:1 | on the other hand 60% failed 3 times in a row
 68637 | Depths:2 | Reached skill level 10 in Spellcasting
 68715 | Depths:2 | Reached skill level 6 in Charms
 68753 | Depths:2 | Found the +4 arc blade {discharge, rElec}
 68764 | Depths:2 | Learned a level 6 spell: Deflect Missiles
 68813 | Depths:2 | Identified the +4 ring mail of Vaot Ugh {rPois Regen+} (You found it on level 2 of the Depths)
 69061 | Depths:2 | Reached skill level 1 in Air Magic
 69238 | Depths:2 | Received a gift from Nemelex Xobeh
 69322 | Depths:3 | Reached skill level 2 in Air Magic
 69351 | Depths:3 | Reached skill level 3 in Air Magic
 69388 | Depths:3 | Reached skill level 4 in Air Magic
 69475 | Depths:3 | Reached skill level 7 in Charms
 69487 | Depths:3 | now how do i not die here
 69497 | Depths:3 | Reached skill level 5 in Air Magic
 69550 | Depths:3 | Reached skill level 6 in Air Magic
 69788 | Depths:2 | Reached skill level 8 in Charms
 69797 | Depths:3 | Reached skill level 7 in Air Magic
 69903 | Depths:3 | Reached skill level 8 in Air Magic
 70039 | Depths:3 | Got a wavering turquoise ring
 70040 | Depths:3 | Identified the ring "Liatsyor" {rN+ Str+3 Stlth+} (You took it off a tengu reaver on level 3 of the Depths)
 70230 | Depths:3 | Reached skill level 9 in Air Magic
 70278 | Depths:3 | Reached skill level 9 in Charms
 70787 | Depths:3 | Reached skill level 10 in Air Magic
 70803 | Depths:3 | Noticed a juggernaut
 70817 | Depths:3 | Killed a juggernaut
 70828 | Depths:3 | Reached skill level 10 in Charms
 71101 | Depths:3 | Reached skill level 4 in Armour
 71254 | Depths:3 | Received a gift from Nemelex Xobeh
 71292 | Depths:3 | Noticed a golden dragon
 71307 | Depths:3 | Killed a golden dragon
 71344 | Depths:3 | Reached skill level 11 in Air Magic
 71566 | Depths:4 | Received a gift from Nemelex Xobeh
 71683 | Depths:3 | Reached skill level 11 in Charms
 71769 | Depths:3 | so what's the chance of getting corroded twice on two consecutive hits again?
 71769 | Depths:3 | lol
 71835 | Depths:4 | Found a gateway to a ziggurat.
 72130 | Depths:3 | Reached skill level 5 in Armour
 72301 | Depths:4 | Reached skill level 9 in Necromancy
 72425 | Depths:4 | Reached XP level 22. HP: 113/135 MP: 23/38
 72884 | Depths:4 | Received a gift from Nemelex Xobeh
 72930 | Depths:4 | Found Unadesinn's Distillery.
 73180 | Depths:4 | Reached skill level 6 in Armour
 73214 | Depths:4 | Killed Nikola
 73214 | Depths:4 | Reached skill level 10 in Necromancy
 73214 | Depths:4 | Reached skill level 9 in Transmutations
 73503 | Depths:4 | Bought a potion of haste for 190 gold pieces
 73503 | Depths:4 | Bought a potion of heal wounds for 95 gold pieces
 73503 | Depths:4 | Bought a potion of agility for 76 gold pieces
 73503 | Depths:4 | Bought a potion of heal wounds for 95 gold pieces
 73503 | Depths:4 | Bought a potion of agility for 76 gold pieces
 73505 | Depths:4 | Found a one-way gate to the infinite horrors of the Abyss.
 73517 | Depths:4 | Received a gift from Nemelex Xobeh
 73585 | Depths:4 | Identified the Guide on Creative Attacks
 73595 | Depths:4 | Identified the Reference Book on Bewitching Lightness
 73605 | Depths:4 | Found a deep blue altar of Sif Muna.
 73617 | Depths:4 | Identified the Catalogue of the Snowflakes and the Blaze
 73695 | Depths:4 | Noticed an ancient lich
 73696 | Depths:4 | uhhh
 73705 | Depths:4 | Noticed an ancient lich
 73707 | Depths:4 | Killed an ancient lich
 73707 | Depths:4 | Reached skill level 9 in Translocations
 73708 | Depths:4 | uhhh take two
 74066 | Depths:4 | Reached skill level 7 in Armour
 74066 | Depths:4 | Reached skill level 10 in Transmutations
 74128 | Depths:4 | Identified the Incunabulum of the Creative Compass
 74137 | Depths:4 | Identified Awoifum's Guide on Spatial Transformation
 74175 | Depths:4 | Identified the +3 ring mail of Pessimism {Str+3 Int+8 Slay-3} (You found it on level 4 of the Depths)
 74176 | Depths:4 | awwwww mannn
 74176 | Depths:4 | make that minus a plus and i'd take it
 74368 | Depths:5 | Entered Level 5 of the Depths
 74567 | Depths:5 | Received a gift from Nemelex Xobeh
 75221 | Depths:5 | Found a one-way gate leading to the halls of Pandemonium.
 75322 | Depths:5 | Received a gift from Nemelex Xobeh
 75339 | Depths:5 | Reached skill level 8 in Armour
 75712 | Depths:5 | Found a gate to the Realm of Zot.
 76033 | Depths:5 | ohhhhh right
 76033 | Depths:5 | i didn't take the snake rune
 76033 | Depths:5 | yikes
 76033 | Depths:5 | that's what taking brakes longer than a day or two does
 76673 | Snake:4  | Killed Vashnia
 77505 | Snake:4  | Reached skill level 9 in Armour
 77585 | Snake:4  | Reached XP level 23. HP: 140/140 MP: 36/39
 77768 | Snake:4  | Reached skill level 14 in Shields
 77955 | Snake:4  | Identified the +10 dire flail of the Lonely Yaks {protect, +Rage rF++ Int+4} (You took it off a naga mage on level 4 of the Snake Pit)
 77956 | Snake:4  | wew
 77971 | Snake:4  | Got a serpentine rune of Zot
 78034 | Snake:4  | no rcorr in the game huh
 78034 | Snake:4  | well that rules out one option then
 78760 | Vaults:3 | oh right, i forgot there was a trove here
 78760 | Vaults:3 | hah
 78768 | Vaults:3 | Found a portal to a secret trove of treasure.
 78776 | Vaults:3 | +2 gold dragon scales
 78776 | Vaults:3 | btw, the only gold DS in the game is in the shop, 2.2k gold
 78776 | Vaults:3 | and only one enchant armor scroll left in the game
 78776 | Vaults:3 | oops
 78794 | Vaults:3 | okay, let's go die in crypt then
 78804 | Vaults:3 | Found a staircase to the Crypt.
 78808 | Vaults:3 | while trying to train skills that are actually relevant to fighting in melee
 78808 | Vaults:3 | rathen than training every imaginable spell school to double digits for no good reason
 78809 | Crypt:1  | Entered Level 1 of the Crypt
 79406 | Crypt:1  | Received a gift from Nemelex Xobeh
 79466 | Crypt:2  | there's the second scroll
 79466 | Crypt:2  | so i may just wait for zot
 79511 | Crypt:1  | Reached skill level 16 in Invocations
 79544 | Crypt:2  | Reached skill level 14 in Fighting
 80588 | Crypt:2  | Received a gift from Nemelex Xobeh
 80861 | Crypt:2  | Noticed an ancient lich
 80902 | Crypt:2  | Noticed Donald
 80926 | Crypt:2  | Killed Donald
 81145 | Crypt:1  | nope
 81313 | Crypt:1  | but i'm not giving up on that sword, no way
 81523 | Crypt:3  | Entered Level 3 of the Crypt
 81969 | Crypt:3  | Reached skill level 14 in Hexes
 82144 | Crypt:3  | do i really want to fight a greater mummy or what
 82144 | Crypt:3  | why the fuck do i go in there
 82146 | Crypt:3  | back
 82243 | Crypt:3  | Identified a scroll of acquirement
 82244 | Crypt:3  | i found an acquirement before brand weapon
 82244 | Crypt:3  | that's not counting the one acquirement in the shop
 82709 | Crypt:3  | Found a basalt altar of Yredelemnul.
 82884 | Crypt:3  | Reached XP level 24. HP: 148/149 MP: 39/39
 83026 | Crypt:3  | Reached skill level 17 in Invocations
 83046 | Crypt:3  | Reached skill level 15 in Shields
 83169 | Crypt:3  | Received a gift from Nemelex Xobeh
 83175 | Crypt:3  | Noticed an ancient lich
 83234 | Crypt:3  | Killed an ancient lich
 83289 | Crypt:3  | Identified the Handbook of Evil
 83316 | Crypt:3  | ah whatever, i'm curious
 83718 | D:10     | Bought faintly glowing gold dragon scales for 2210 gold pieces
 83718 | D:10     | Identified the +16 gold dragon scales of the Jackalope {rPois rF+ rC+ Int+4} (You bought it in a shop on level 10 of the Dungeon)
 83719 | D:10     | wow
 83743 | D:10     | it's fun and all
 83743 | D:10     | but i wanna cast spells
 84095 | Vaults:3 | You paid a toll of +16 gold dragon scales to enter a treasure trove
 84096 | Trove    | Entered a treasure trove
 84097 | Trove    | :)
 84100 | Trove    | Found the +8 glaive of the Guard {elec, +Rage AC+5 SInv}
 84107 | Trove    | Identified the +9 triple sword of Hagoc {slice, Dex+2} (You found it in a treasure trove)
 84108 | Trove    | pfft
 84108 | Trove    | changed an amazing armor for a bit less amazing sword
 84108 | Trove    | hah
 84115 | Trove    | well, that was fun
 84118 | Vaults:3 | time to die in v5
 84142 | Vaults:4 | Reached skill level 15 in Hexes
 84154 | Vaults:5 | Entered Level 5 of the Vaults
 84160 | Vaults:5 | Noticed an ancient lich
 84232 | Vaults:5 | Killed an ancient lich
 84416 | Vaults:5 | Reached skill level 15 in Fighting
 84660 | Vaults:5 | Reached skill level 11 in Spellcasting
 84722 | Vaults:5 | Learned a level 5 spell: Summon Mana Viper
 84756 | Vaults:5 | Reached skill level 1 in Summonings
 84911 | Vaults:5 | Reached skill level 2 in Summonings
 84976 | Vaults:5 | Reached skill level 3 in Summonings
 85012 | Vaults:5 | Reached skill level 4 in Summonings
 85111 | Vaults:5 | Reached skill level 5 in Summonings
 85320 | Vaults:5 | Reached skill level 6 in Summonings
 85351 | Vaults:5 | Identified the +3 scale mail "Cuz Baqy" {rF+++ Int+3} (You found it on level 5 of the Vaults)
 85508 | Vaults:5 | Reached skill level 18 in Invocations
 85582 | Vaults:5 | Reached skill level 7 in Summonings
 86012 | Vaults:5 | Got a silver rune of Zot
 86074 | Vaults:5 | Reached skill level 8 in Summonings
 86239 | Vaults:5 | 50% chances worked twice in 11 attempts
 86239 | Vaults:5 | love it
 86241 | Vaults:5 | or rather, 45 and 57%
 86422 | Vaults:5 | Received a gift from Nemelex Xobeh
 86425 | Vaults:5 | draining huh
 86425 | Vaults:5 | not all that useful in zot, but better than nothing
 86499 | Vaults:5 | i wonder how i'll survive orbs with 150 hp and one tick of rF
 86503 | Vaults:5 | shouldn't have bought that armor, lol
 86629 | Vaults:5 | Reached XP level 25. HP: 152/156 MP: 39/40
 86782 | Vaults:5 | oh, i can almost afford that ring
 86782 | Vaults:5 | almost
 87176 | Zot:1    | Entered Level 1 of the Realm of Zot
 87178 | Zot:1    | Upgraded the game from 0.22-a0-479-gc6e99f3 to 0.22-a0-480-g991dd4b
 87350 | Zot:3    | how convenient
 87399 | Zot:3    | Reached skill level 16 in Fighting
 87865 | Zot:3    | Reached skill level 19 in Invocations
 87905 | Zot:4    | Received a gift from Nemelex Xobeh
 88005 | Zot:5    | Entered Level 5 of the Realm of Zot
 88158 | Zot:5    | Received a gift from Nemelex Xobeh
 88352 | Zot:5    | >miscast invisibility
 88352 | Zot:5    | >cast corona on yourself instead
 88352 | Zot:5    | gee thanks
 88879 | Zot:5    | ok, 159 hp, rF+ only
 88879 | Zot:5    | let's go
 88879 | Zot:5    | hopefully nemelex will save my sorry ass
 88974 | Zot:5    | Noticed an ancient lich
 89007 | Zot:5    | Killed an ancient lich
 89089 | Zot:5    | Reached skill level 20 in Invocations
 89258 | Zot:5    | Reached skill level 17 in Fighting
 89276 | Zot:5    | there must be a shit ton of those tele traps inside
 89408 | Zot:5    | Noticed an orb of fire
 89476 | Zot:5    | Noticed an orb of fire
 89718 | Zot:5    | Noticed an ancient lich
 89738 | Zot:5    | Killed an ancient lich
 90039 | Zot:5    | Gained mutation: Scrolls take you a little longer to read. [an orb of fire]
 90044 | Zot:5    | Noticed an ancient lich
 90049 | Zot:5    | Killed an orb of fire
 90284 | Zot:5    | Noticed an ancient lich
 90297 | Zot:5    | fucking lags holy shit
 90308 | Zot:5    | Killed an ancient lich
 90315 | Zot:5    | Killed an ancient lich
 90481 | Zot:5    | ohh, that was two different orbs
 90481 | Zot:5    | wellll then
 90633 | Zot:5    | Reached XP level 26. HP: 146/167 MP: 26/40
 90701 | Zot:5    | and i don't know where it is
 90977 | Zot:5    | Gained mutation: Your body sometimes deteriorates upon taking damage. [an orb of fire]
 90985 | Zot:5    | Killed an orb of fire
 90996 | Zot:5    | Noticed an orb of fire
 90996 | Zot:5    | Gained mutation: You occasionally shout uncontrollably at your foes. [an orb of fire]
 91009 | Zot:5    | Gained mutation: Your body often deteriorates upon taking damage. [an orb of fire]
 91013 | Zot:5    | Gained mutation: You sometimes yell uncontrollably at your foes. [an orb of fire]
 91021 | Zot:5    | HP: 19/168 [Orb Guardian (15)]
 91031 | Zot:5    | Killed an orb of fire
 91031 | Zot:5    | Reached skill level 21 in Invocations
 91033 | Zot:5    | tomb velocity tomb tomb velocity cloud tomb cloud
 91033 | Zot:5    | can i get elixir please?
 91261 | Zot:5    | Learned a level 5 spell: Aura of Abjuration
 91322 | Zot:5    | if only my hexes worked as well as this failure rate
 91331 | Zot:5    | if only
 91515 | Zot:5    | Received a gift from Nemelex Xobeh
 91559 | Zot:5    | Reached skill level 18 in Fighting
 91836 | Depths:4 | Killed an ancient lich
 92256 | Zot:5    | Noticed an orb of fire
 92286 | Zot:5    | Killed an orb of fire
 92601 | Zot:5    | yeah, really no fucking wonder they teleported like crazy
 93123 | D:14     | Lost mutation: You sometimes yell uncontrollably at your foes. [potion of mutation]
 93123 | D:14     | Lost mutation: Your body often deteriorates upon taking damage. [potion of mutation]
 93123 | D:14     | Lost mutation: Your body sometimes deteriorates upon taking damage. [potion of mutation]
 93123 | D:14     | Gained mutation: You are robust. (+10% HP) [potion of mutation]
 93123 | D:14     | Gained mutation: You tend to lose your temper in combat. [potion of mutation]
 93123 | D:14     | Gained mutation: You have a pair of small horns on your head. [potion of mutation]
 93393 | Crypt:3  | Lost mutation: Scrolls take you a little longer to read. [potion of mutation]
 93393 | Crypt:3  | Lost mutation: You have a pair of small horns on your head. [potion of mutation]
 93393 | Crypt:3  | Lost mutation: You are robust. (+10% HP) [potion of mutation]
 93393 | Crypt:3  | Lost mutation: You tend to lose your temper in combat. [potion of mutation]
 93393 | Crypt:3  | Gained mutation: You have a pair of small horns on your head. [potion of mutation]
 93393 | Crypt:3  | Gained mutation: You are partially covered in slimy green scales. (AC +2) [potion of mutation]
 93393 | Crypt:3  | Gained mutation: You expend magic power (3 MP) to strengthen your wands. [potion of mutation]
 93394 | Crypt:3  | well, this is better than blurry vision and berserkitis, for sure
 93394 | Crypt:3  | no wait, i don't have sinv now
 93394 | Crypt:3  | god
 93909 | Elf:2    | Lost mutation: You occasionally shout uncontrollably at your foes. [potion of mutation]
 93909 | Elf:2    | Lost mutation: You have a pair of small horns on your head. [potion of mutation]
 93909 | Elf:2    | Gained mutation: You have sharp toenails. [potion of mutation]
 93909 | Elf:2    | Gained mutation: Your spells are a little easier to cast, but a little less powerful. [potion of mutation]
 93909 | Elf:2    | Gained mutation: Your natural rate of healing is unusually fast. [potion of mutation]
 93909 | Elf:2    | Gained mutation: Your movements are slightly less encumbered by armour. (ER -2) [potion of mutation]
 93915 | Elf:2    | okay
 94238 | Snake:2  | Bought the +2 pair of boots of Altruism {MP+9} for 727 gold pieces
 94429 | D:10     | Bought a scroll of fog for 20 gold pieces
 94469 | D:10     | Bought a scroll of fog for 30 gold pieces
 94750 | Vaults:3 | Bought a scroll of enchant armour for 247 gold pieces
 95112 | Vaults:3 | okay, NOW i'm done
 95112 | Vaults:3 | fun inventory management
 95612 | Zot:5    | okay then
 95612 | Zot:5    | Got the Orb of Zot
 95703 | Zot:4    | Noticed Nustrom the pandemonium lord
 95809 | Depths:5 | Noticed Falalid the pandemonium lord
 95811 | Depths:5 | well isn't that just GREAT
 95951 | D:15     | Noticed Noulad the pandemonium lord
 95970 | D:15     | Noticed Miesmit the pandemonium lord
 95975 | D:14     | calm the fuck down will you
 96035 | D:12     | Noticed Mimny the pandemonium lord
 96038 | D:11     | quite a lot of them around this time
 96070 | D:8      | laaaaaagggggggggggggggggggggggggggs
 96084 | D:8      | Noticed Cijiuwk the pandemonium lord
 96085 | D:8      | jesus
 96085 | D:8      | how many more
 96085 | D:8      | this one's very fast too
 96260 | D:1      | ah fuck off
 96265 | D:$      | Escaped with the Orb!

Vault maps used:
D:1:      shiori_arrival_whats_in_store_for_you, minmay_misc_feat_rows
D:2:      nicolae_qazlal_style_of_elements, uniq_jessica
D:3:      first_ration, uniq_crazy_yiuf_cottage
D:4:      minmay_temple_entry_overgrown, uniq_ijyb, uniq_edmund
D:5:      dancing_weapons_uskayaw, kennysheep_generic_room_6
D:6:      hangedman_abyss_or_decor_stabs, uniq_grinder
D:7:      amethyst_overflow_temple_binary, fedhas_altar_3, uniq_prince_ribbit1
D:8:      kennysheep_mini, uniq_psyche
D:9:      lair_entry_dummy, david_orc_1_choice
D:10:     serial_shops, shop, nicolae_shop_trees, shop, shop,
          kennysheep_little_box, grunt_tengu_nest
D:11:     uniq_erolcha
D:12:     lemuel_slime
D:13:     uniq_snorg
D:14:     david_vaults_4
D:15:     grunt_enter_depths_magical_seal, palyth_stone_intersect,
          kennysheep_pointless_box, lightli_airlock, uniq_louise
Temple:   dpeg_five_rooms_temple
Lair:1:   nicolae_quartered_pool_little
Lair:2:   beast_lair_carwin_large_1, minmay_swamp_entry_worms,
          portal_ice_cave_entry_ice_beasts, st_stairs_12, minmay_holes,
          infiniplex_staircase_pool, serial_bayou_shore_b
Lair:3:   serial_bayou_shore_b, uniq_sonja
Lair:4:   dummy_snake_entry, uniq_nessos
Lair:5:   dpeg_oklob_shooting_range, grunt_megastairs_1, serial_bayou_shore_a,
          infiniplex_staircase_pool_2
Lair:6:   gammafunk_lair_ancient_temple, dpeg_slime_entry_corner, pond
Swamp:1:  nicolae_swamp_very_dense_foliage, swamp_pool3
Swamp:2:  evilmike_swamp_ruin_house_6, water_boxes_lemuel
Swamp:3:  evilmike_swamp_ruin_rubble_2
Swamp:4:  swamp_pestilence
Snake:1:  basic_altar, nrook_guardian_serpent_double, lemuel_fruit_tree,
          minmay_shop_grove
Snake:2:  serial_shops, shop, minmay_shop_star
Snake:3:  grunt_megastairs_5, uniq_roxanne, uniq_aizul
Snake:4:  snake_pit_salamanders_mu, st_stairs_3, uniq_vashnia
Orc:2:    grunt_orc_tribal_feast, serial_shops, nicolae_shop_behind_doors
Elf:1:    serial_shops, nicolae_shop_waterfront, hangedman_elf_represent,
          minmay_misc_feat_cross, uniq_asterion
Elf:2:    serial_shops, shop
Elf:3:    minmay_elf_hall_four_x, serial_shops, shop,
          serial_sigils_hangedman_gnaw
Vaults:1: nicolae_vaults_stairing_the_circle, v_alt_pattern_5, v_pattern_5,
          vaults_mumra_hex, vaults_room_pool, nicolae_vaults_circle_grid_b,
          v_misc_9, hangedman_vaults_stretched_pinwheel,
          vaults_room_guarded_vault, nicolae_vaults_border_crossing
Vaults:2: ontoclasm_vaults_hangar, grunt_vaults_diagonal,
          vaults_room_ringed_pool, vaults_room_large_hall,
          vaults_mumra_chevron_long, nicolae_vaults_ring_of_whatevers,
          hangedman_vaults_restitches, v_misc_8,
          nicolae_vaults_branching_niches, nicolae_vaults_twisting_passages,
          vaults_room_pool, nicolae_vaults_sealed_display,
          vaults_room_semicircle, hangedman_vaults_stretched_pinwheel,
          dpeg_vaults_monster_box, serial_shops, shop, basic_altar,
          uniq_saint_roka
Vaults:3: v_misc_10, st_lines, vaults_room_corners, v_misc_12, v_misc_5,
          v_rooms_6, minmay_crypt_entry_simple_statues, vaults_room_hallway,
          ontoclasm_vaults_eye, vaults_dpeg_cross, nicolae_trove_entry_crystal,
          serial_shops, nicolae_shop_crystal
Vaults:4: nicolae_vaults_gold_heap, v_alt_pattern_4,
          nicolae_vaults_shelves_hall, vaults_mumra_minichess,
          grunt_vaults_bifocal, v_misc_23, vaults_room_boxed, vaults_room_pools,
          v_rooms_1, v_misc_15, hangedman_vaults_pinch, hangedman_vaults_impose,
          nicolae_vaults_mini_display_case, nicolae_vaults_little_squares_4,
          serial_shops, shop, uniq_frederick
Vaults:5: serial_shops
Crypt:2:  special_room, grunt_ministairs_8, uniq_donald
Crypt:3:  church_of_pain_bobbens, nicolae_tomb_entry_grand_gallery,
          grunt_ministairs_10, small_statue_intersection
Depths:1: grunt_hell_entry_dis_mu, nemelex_xobeh_ov_fountains_minmay,
          kennysheep_flooded_box, minmay_hidden_floor, serial_bayou_shore_b,
          grunt_megastairs_2, firewood_loft, uniq_bai_suzhen
Depths:2: minmay_shoctagon, hangedman_decor_lopped,
          abyss_entry_small_statue_room, hellmouth_1, nrook_pool_corridor,
          uniq_nikola, uniq_mara
Depths:3: hangedman_cross_cluster, pf_hell_entry_tar_river,
          grunt_pan_entry_in_and_out
Depths:4: evilmike_library_of_no_secrets, enter_ziggurat_c,
          nicolae_abyss_entry_one_way_or_another, grunt_decor_arrowhead,
          pf_coc_iceberg, serial_shops, nicolae_shop_crystal,
          kennysheep_decorative_pillar, hangedman_abyss_or_decor_passed,
          serial_bayou_shore_b
Depths:5: evilmike_zot_entry_round, rand_demon_pan_entry_3, serial_sigils,
          serial_sigils_hangedman_snap, serial_sigils_hangedman_clutch,
          serial_sigils_hangedman_writhe, serial_sigils_hangedman_quiver,
          serial_sigils_hangedman_shear, hell_entry
Zot:3:    lemuel_draconian_sentries, grunt_ministairs_10, lemuel_elevator
Zot:4:    hangedman_zot_diagonal_lockstep, grunt_ministairs_10
Trove:    trove_weapon_2

Skill      XL: |  1  2  3  4  5  6  7  8  9 10 11 12 13 14 15 16 17 18 19 20 21 22 23 24 25 26 |
---------------+-------------------------------------------------------------------------------+-----
Fighting       | 2 3 4 5 7 8 9 10 11 13 14 15 17 18 | 18.3
Short Blades   | 3 4 5 6 7 8 |  8.1
Throwing       | 3 4 |  4.1
Long Blades    | 2 4 7 10 11 13 14 15 | 15.4
Invocations    | 3 7 8 9 10 11 12 14 15 16 18 20 21 | 21.7
Dodging        | 2 3 5 8 10 11 12 13 14 | 14.0
Shields        | 4 5 6 7 9 11 13 14 15 | 15.0
Evocations     | 2 7 8 |  8.0
Necromancy     | 2 4 8 9 10 | 10.0
Hexes          | 8 11 12 13 14 15 | 15.0
Translocations | 4 8 9 |  9.0
Spellcasting   | 4 6 7 8 9 10 11 | 11.2
Charms         | 5 11 | 11.0
Armour         | 2 5 9 |  9.5
Transmutations | 4 8 10 | 10.0
Air Magic      | 11 | 11.1
Summonings     | 8 |  8.6
Stealth        | |  4.8

Action                   |  1- 3 |  4- 6 |  7- 9 | 10-12 | 13-15 | 16-18 | 19-21 | 22-24 | 25-27 || total
-------------------------+-------+-------+-------+-------+-------+-------+-------+-------+-------++-------
Melee: Dagger            |    89 |   136 |   537 |   801 |   105 |       |       |       |       ||  1668
       Scimitar          |       |       |       |     2 |    20 |       |       |       |       ||    22
       Short sword       |       |       |       |   136 |    21 |       |       |       |       ||   157
       Double sword      |       |       |       |       |  1242 |  1806 |  2099 |  2756 |   799 ||  8702
       Long sword        |       |       |       |       |       |    20 |    16 |       |       ||    36
       Unarmed           |       |       |       |       |       |     1 |       |       |       ||     1
 Fire: Blowgun           |     8 |    33 |    54 |    65 |    37 |       |       |       |       ||   197
Throw: Tomahawk          |       |       |     2 |    12 |    31 |       |       |       |       ||    45
       Throwing net      |       |       |       |       |       |       |       |       |     1 ||     1
 Cast: Animate Skeleton  |       |       |       |    37 |    56 |    81 |    66 |    47 |    12 ||   299
       Apportation       |       |       |       |     8 |     6 |    15 |     6 |     9 |     9 ||    53
       Slow              |       |       |       |       |     7 |   101 |    70 |    32 |    18 ||   228
       Blink             |       |       |       |       |     3 |     5 |    19 |    26 |     2 ||    55
       Confuse           |       |       |       |       |       |    96 |    54 |    18 |    27 ||   195
       Regeneration      |       |       |       |       |       |    54 |   146 |   107 |    46 ||   353
       Animate Dead      |       |       |       |       |       |    29 |    15 |    36 |     3 ||    83
       Tukima's Dance    |       |       |       |       |       |     8 |    15 |    37 |     6 ||    66
       Yara's Violent Un |       |       |       |       |       |     2 |    28 |    39 |     1 ||    70
       Deflect Missiles  |       |       |       |       |       |       |     2 |    11 |     2 ||    15
       Passage of Golubr |       |       |       |       |       |       |     1 |     3 |       ||     4
       Invisibility      |       |       |       |       |       |       |       |     1 |     1 ||     2
       Summon Mana Viper |       |       |       |       |       |       |       |       |    40 ||    40
       Aura of Abjuratio |       |       |       |       |       |       |       |       |     3 ||     3
Invok: Deal Four         |       |       |       |       |       |     1 |       |       |     2 ||     3
       Stack Five        |       |       |       |       |       |     1 |       |       |     1 ||     2
 Abil: Evoke Invisibilit |       |       |       |     3 |     2 |     5 |       |       |       ||    10
Evoke: Wand              |       |     1 |    18 |    27 |    46 |    22 |    16 |     2 |    13 ||   145
       Deck              |       |       |     6 |    24 |    40 |    21 |    41 |    27 |    25 ||   184
       Phial of floods   |       |       |       |     1 |       |       |       |       |       ||     1
       Lightning rod     |       |       |       |       |    12 |     4 |    10 |     4 |     2 ||    32
       Lamp of fire      |       |       |       |       |       |       |     1 |     4 |     2 ||     7
       Phantom mirror    |       |       |       |       |       |       |       |       |     2 ||     2
  Use: Scroll            |       |       |     8 |    26 |    21 |    12 |    17 |    26 |    14 ||   124
       Potion            |       |       |     2 |     2 |     9 |     6 |     7 |    14 |    18 ||    58
 Stab: Sleeping          |     7 |     4 |     6 |    22 |    32 |    29 |    18 |    12 |     2 ||   132
       Distracted        |     1 |     1 |     2 |     6 |     5 |    15 |    15 |    27 |     7 ||    79
       Paralysed         |       |     1 |     2 |       |    19 |     9 |       |     2 |       ||    33
       Confused          |       |       |       |     1 |       |    58 |    25 |     7 |    23 ||   114
       Invisible         |       |       |       |     2 |     6 |    14 |       |     2 |       ||    24
       Petrified         |       |       |       |     1 |     5 |     8 |       |     6 |       ||    20
       Petrifying        |       |       |       |       |       |       |       |     2 |       ||     2
  Eat: Chunk             |     2 |     5 |    11 |    16 |    26 |    43 |    45 |    28 |     3 ||   179
       Ration            |       |     1 |     2 |     6 |    11 |     9 |    10 |    14 |    14 ||    67
Armor: Robe              |     8 |       |       |       |       |       |       |       |       ||     8
       Ring mail         |    16 |    49 |   134 |    66 |   299 |   285 |   223 |       |       ||  1072
       Leather armour    |       |       |       |   120 |       |       |       |       |       ||   120
       Swamp dragon scal |       |       |       |       |       |     8 |       |       |       ||     8
       Storm dragon scal |       |       |       |       |       |       |   267 |   781 |   327 ||  1375
Dodge: Dodged            |    38 |    46 |   170 |   419 |   793 |  1049 |   858 |   841 |   348 ||  4562
       Deflected         |       |       |       |       |       |       |    14 |    65 |    34 ||   113
Block: Buckler           |       |       |       |   111 |   339 |   408 |    64 |       |       ||   922
       Shield            |       |       |       |       |       |       |   906 |  1335 |   399 ||  2640
       Rpst.: Scimitar   |       |       |       |     1 |     3 |       |       |       |       ||     4
       Double sword      |       |       |       |       |   155 |   221 |   166 |   153 |    58 ||   753
       Long sword        |       |       |       |       |       |       |     2 |       |       ||     2

Table legend:
 A = Spawn XP
 B = Non-spawn XP
 C = Spawn XP percentage of total XP
 D = Spawn monster count
 E = Non-spawn monster count
 F = Spawn count percentage of total count
 G = Total turns spent on level
                    A         B        C        D         E        F      G
               +---------+---------+-------+---------+---------+-------+---------
         Total |       0 | 1400808 |   0.0 |       0 |    2252 |   0.0 | 96265
               +---------+---------+-------+---------+---------+-------+---------
           D:1 |       0 |      34 |   0.0 |       0 |      14 |   0.0 |   981
           D:2 |       0 |     118 |   0.0 |       0 |      31 |   0.0 |   886
           D:3 |       0 |     159 |   0.0 |       0 |      28 |   0.0 |  1436
           D:4 |       0 |     859 |   0.0 |       0 |      23 |   0.0 |  1331
           D:5 |       0 |     324 |   0.0 |       0 |      16 |   0.0 |   646
           D:6 |       0 |     865 |   0.0 |       0 |      21 |   0.0 |  1582
           D:7 |       0 |    1238 |   0.0 |       0 |      22 |   0.0 |   993
           D:8 |       0 |    1457 |   0.0 |       0 |      28 |   0.0 |  1251
           D:9 |       0 |    1497 |   0.0 |       0 |      37 |   0.0 |  2841
          D:10 |       0 |    2084 |   0.0 |       0 |      17 |   0.0 |  1940
          D:11 |       0 |    4754 |   0.0 |       0 |      17 |   0.0 |  1680
          D:12 |       0 |    3606 |   0.0 |       0 |      36 |   0.0 |  2515
          D:13 |       0 |    6845 |   0.0 |       0 |      29 |   0.0 |  1545
          D:14 |       0 |   17215 |   0.0 |       0 |      43 |   0.0 |  2382
          D:15 |       0 |   21670 |   0.0 |       0 |      55 |   0.0 |  2061
        Lair:1 |       0 |    3693 |   0.0 |       0 |      12 |   0.0 |  1181
        Lair:2 |       0 |    4563 |   0.0 |       0 |      29 |   0.0 |  1751
        Lair:3 |       0 |    3184 |   0.0 |       0 |      13 |   0.0 |  1463
        Lair:4 |       0 |    4745 |   0.0 |       0 |      15 |   0.0 |  1369
        Lair:5 |       0 |    7796 |   0.0 |       0 |      42 |   0.0 |  1689
        Lair:6 |       0 |   15373 |   0.0 |       0 |      60 |   0.0 |  1679
       Swamp:1 |       0 |   12355 |   0.0 |       0 |      31 |   0.0 |  1520
       Swamp:2 |       0 |    7400 |   0.0 |       0 |      21 |   0.0 |  1275
       Swamp:3 |       0 |    9492 |   0.0 |       0 |      22 |   0.0 |  1837
       Swamp:4 |       0 |   21392 |   0.0 |       0 |      73 |   0.0 |  1659
       Snake:1 |       0 |   11592 |   0.0 |       0 |      26 |   0.0 |  2060
       Snake:2 |       0 |    6661 |   0.0 |       0 |      15 |   0.0 |  1819
       Snake:3 |       0 |   16135 |   0.0 |       0 |      39 |   0.0 |  2316
       Snake:4 |       0 |   67575 |   0.0 |       0 |     105 |   0.0 |  2364
         Orc:1 |       0 |    4976 |   0.0 |       0 |      41 |   0.0 |  1416
         Orc:2 |       0 |    8048 |   0.0 |       0 |      52 |   0.0 |  1824
         Elf:1 |       0 |   24713 |   0.0 |       0 |      41 |   0.0 |  2374
         Elf:2 |       0 |   19210 |   0.0 |       0 |      29 |   0.0 |  1275
         Elf:3 |       0 |   58778 |   0.0 |       0 |      61 |   0.0 |  2759
      Vaults:1 |       0 |   59165 |   0.0 |       0 |      99 |   0.0 |  3921
      Vaults:2 |       0 |   58134 |   0.0 |       0 |     103 |   0.0 |  3306
      Vaults:3 |       0 |   53915 |   0.0 |       0 |      80 |   0.0 |  2891
      Vaults:4 |       0 |   54032 |   0.0 |       0 |      83 |   0.0 |  2897
      Vaults:5 |       0 |  145316 |   0.0 |       0 |     137 |   0.0 |  2632
       Crypt:1 |       0 |   16357 |   0.0 |       0 |      24 |   0.0 |  1131
       Crypt:2 |       0 |   45501 |   0.0 |       0 |      57 |   0.0 |  1793
       Crypt:3 |       0 |   75833 |   0.0 |       0 |     104 |   0.0 |  2070
      Depths:1 |       0 |   68894 |   0.0 |       0 |      90 |   0.0 |  3649
      Depths:2 |       0 |   17675 |   0.0 |       0 |      27 |   0.0 |  1468
      Depths:3 |       0 |   83305 |   0.0 |       0 |      81 |   0.0 |  2824
      Depths:4 |       0 |   71532 |   0.0 |       0 |      69 |   0.0 |  1922
      Depths:5 |       0 |   47126 |   0.0 |       0 |      56 |   0.0 |  1996
         Zot:1 |       0 |    4474 |   0.0 |       0 |       3 |   0.0 |   193
         Zot:2 |       0 |    2134 |   0.0 |       0 |       1 |   0.0 |   263
         Zot:3 |       0 |   20557 |   0.0 |       0 |       9 |   0.0 |   521
         Zot:4 |       0 |    9639 |   0.0 |       0 |       6 |   0.0 |   644
         Zot:5 |       0 |  196813 |   0.0 |       0 |      79 |   0.0 |  4168
               +---------+---------+-------+---------+---------+-------+---------
